Workbook
Name Allowances: 'Detailed Budget'!$A$97
Name Artists: 'Detailed Budget'!$A$68
Name BoxOffice: 'Detailed Budget'!$A$32
Name CapitalProjectCost: 'Detailed Budget'!#REF!
Name Donations: 'Detailed Budget'!$A$41
Name Funding: #REF!
Name IndirectProgramCost: 'Detailed Budget'!#REF!
Name InKind: 'Detailed Budget'!#REF!
Name Management: 'Detailed Budget'!$A$77
Name Marketing: 'Detailed Budget'!#REF!
Name Merchandise: 'Detailed Budget'!#REF!
Name MerchandiseRoyalties: 'Detailed Budget'!#REF!
Name NonSalaryProduction: 'Detailed Budget'!$A$123
Name NonSalaryPublication: 'Detailed Budget'!#REF!
Name NonSalaryTravel: 'Detailed Budget'!#REF!
Name Origin: [1]Sheet2!$A$2:$A$3
Name OtherActivityIncome: 'Detailed Budget'!#REF!
Name OtherExpenses: 'Detailed Budget'!$A$136
Name OtherIncome: 'Detailed Budget'!$A$49
Name Periodengaged: #REF!
Name Production: 'Detailed Budget'!$A$83
Name Row1Type: 'Detailed Budget'!#REF!
Name RowType1: 'Detailed Budget'!#REF!
Name RowType2: 'Detailed Budget'!#REF!
Name Sponsorship: 'Detailed Budget'!#REF!
Name Status: [1]Sheet2!$A$25:$A$27

Sheet Instructions
A1: ACFP BUDGET Workbook - 2026 Regional Arts Touring Round 2
A2: The purpose of this workbook is to provide a flexible, useful budgeting tool to help your organisation plan for the funding. It has been designed to be as simple as possible while capturing the basic information needed to assess the financial aspects of your application. REMEMBER: Only use the categories that are relevant to your program.
A3: FINDING YOUR WAY AROUND THIS WORKSHEET
A4: The final tab (coloured in purple) summarises your detailed budget into categories you need to enter into SmartyGrants
A5: You do not have to enter a number into every income and expenditure row. Only enter the income and costs relevant to your project
A6: All income and expenditure should be exclusive of GST
A7: In the detailed budget sheet, cells are coloured to assist you to fill in the budget
A8: Only enter your information in light yellow cells
A9: The blue cells provide hints for the types of income and expenses for each section
A10: The grey cells will auto calculate. Please do not type over these cells or it may impact the summary
A11: IF you need to add another row, please insert it above the row marked by this colour. This will help keep the formulas intact.
A13: FILLING IN THE DETAILED BUDGET
... A21: AVOID EDITING FORMULAS inside cells in light grey colour, it could impact automatic calculations done in the budget template.

Sheet Data input page
A1: Company | B1: Art form | C1: PL-BS | D1: Header 1 | E1: Header 2 | F1: Header 3 | G1: Account | H1: Source | I1: Amount
A2: =IF(ISBLANK('Detailed Budget'!#REF!),"",('Detailed Budget'!#REF!)) -> #REF! | B2: =IF(ISBLANK('Detailed Budget'!#REF!),"",('Detailed Budget'!#REF!)) -> #REF! | C2: =IF(ISBLANK('Detailed Budget'!#REF!),"",('Detailed Budget'!#REF!)) -> #REF! | D2: =IF(ISBLANK('Detailed Budget'!#REF!),"",('Detailed Budget'!#REF!)) -> #REF! | E2: =IF(ISBLANK('Detailed Budget'!#REF!),"",('Detailed Budget'!#REF!)) -> #REF! | F2: =IF(ISBLANK('Detailed Budget'!#REF!),"",('Detailed Budget'!#REF!)) -> #REF! | G2: =IF(ISBLANK('Detailed Budget'!A8),"",('Detailed Budget'!A8)) -> Create NSW Regional Arts Touring (this application) | H2: ='Detailed Budget'!#REF! -> #REF! | I2: ='Detailed Budget'!#REF! -> #REF!
A3: =IF(ISBLANK('Detailed Budget'!#REF!),"",('Detailed Budget'!#REF!)) -> #REF! | B3: =IF(ISBLANK('Detailed Budget'!#REF!),"",('Detailed Budget'!#REF!)) -> #REF! | C3: =IF(ISBLANK('Detailed Budget'!#REF!),"",('Detailed Budget'!#REF!)) -> #REF! | D3: =IF(ISBLANK('Detailed Budget'!#REF!),"",('Detailed Budget'!#REF!)) -> #REF! | E3: =IF(ISBLANK('Detailed Budget'!#REF!),"",('Detailed Budget'!#REF!)) -> #REF! | F3: =IF(ISBLANK('Detailed Budget'!#REF!),"",('Detailed Budget'!#REF!)) -> #REF! | G3: =IF(ISBLANK('Detailed Budget'!#REF!),"",('Detailed Budget'!#REF!)) -> #REF! | H3: ='Detailed Budget'!#REF! -> #REF! | I3: ='Detailed Budget'!#REF! -> #REF!
A4: =IF(ISBLANK('Detailed Budget'!#REF!),"",('Detailed Budget'!#REF!)) -> #REF! | B4: =IF(ISBLANK('Detailed Budget'!#REF!),"",('Detailed Budget'!#REF!)) -> #REF! | C4: =IF(ISBLANK('Detailed Budget'!#REF!),"",('Detailed Budget'!#REF!)) -> #REF! | D4: =IF(ISBLANK('Detailed Budget'!#REF!),"",('Detailed Budget'!#REF!)) -> #REF! | E4: =IF(ISBLANK('Detailed Budget'!#REF!),"",('Detailed Budget'!#REF!)) -> #REF! | F4: =IF(ISBLANK('Detailed Budget'!#REF!),"",('Detailed Budget'!#REF!)) -> #REF! | G4: =IF(ISBLANK('Detailed Budget'!#REF!),"",('Detailed Budget'!#REF!)) -> #REF! | H4: ='Detailed Budget'!#REF! -> #REF! | I4: ='Detailed Budget'!#REF! -> #REF!
A5: =IF(ISBLANK('Detailed Budget'!#REF!),"",('Detailed Budget'!#REF!)) -> #REF! | B5: =IF(ISBLANK('Detailed Budget'!#REF!),"",('Detailed Budget'!#REF!)) -> #REF! | C5: =IF(ISBLANK('Detailed Budget'!#REF!),"",('Detailed Budget'!#REF!)) -> #REF! | D5: =IF(ISBLANK('Detailed Budget'!#REF!),"",('Detailed Budget'!#REF!)) -> #REF! | E5: =IF(ISBLANK('Detailed Budget'!#REF!),"",('Detailed Budget'!#REF!)) -> #REF! | F5: =IF(ISBLANK('Detailed Budget'!#REF!),"",('Detailed Budget'!#REF!)) -> #REF! | G5: =IF(ISBLANK('Detailed Budget'!#REF!),"",('Detailed Budget'!#REF!)) -> #REF! | H5: ='Detailed Budget'!#REF! -> #REF! | I5: ='Detailed Budget'!#REF! -> #REF!
A6: =IF(ISBLANK('Detailed Budget'!#REF!),"",('Detailed Budget'!#REF!)) -> #REF! | B6: =IF(ISBLANK('Detailed Budget'!#REF!),"",('Detailed Budget'!#REF!)) -> #REF! | C6: =IF(ISBLANK('Detailed Budget'!#REF!),"",('Detailed Budget'!#REF!)) -> #REF! | D6: =IF(ISBLANK('Detailed Budget'!#REF!),"",('Detailed Budget'!#REF!)) -> #REF! | E6: =IF(ISBLANK('Detailed Budget'!#REF!),"",('Detailed Budget'!#REF!)) -> #REF! | F6: =IF(ISBLANK('Detailed Budget'!#REF!),"",('Detailed Budget'!#REF!)) -> #REF! | G6: =IF(ISBLANK('Detailed Budget'!#REF!),"",('Detailed Budget'!#REF!)) -> #REF! | H6: ='Detailed Budget'!#REF! -> #REF! | I6: ='Detailed Budget'!#REF! -> #REF!
A7: =IF(ISBLANK('Detailed Budget'!#REF!),"",('Detailed Budget'!#REF!)) -> #REF! | B7: =IF(ISBLANK('Detailed Budget'!#REF!),"",('Detailed Budget'!#REF!)) -> #REF! | C7: =IF(ISBLANK('Detailed Budget'!#REF!),"",('Detailed Budget'!#REF!)) -> #REF! | D7: =IF(ISBLANK('Detailed Budget'!#REF!),"",('Detailed Budget'!#REF!)) -> #REF! | E7: =IF(ISBLANK('Detailed Budget'!#REF!),"",('Detailed Budget'!#REF!)) -> #REF! | F7: =IF(ISBLANK('Detailed Budget'!#REF!),"",('Detailed Budget'!#REF!)) -> #REF! | G7: =IF(ISBLANK('Detailed Budget'!#REF!),"",('Detailed Budget'!#REF!)) -> #REF! | H7: ='Detailed Budget'!#REF! -> #REF! | I7: ='Detailed Budget'!#REF! -> #REF!
A8: =IF(ISBLANK('Detailed Budget'!#REF!),"",('Detailed Budget'!#REF!)) -> #REF! | B8: =IF(ISBLANK('Detailed Budget'!#REF!),"",('Detailed Budget'!#REF!)) -> #REF! | C8: =IF(ISBLANK('Detailed Budget'!#REF!),"",('Detailed Budget'!#REF!)) -> #REF! | D8: =IF(ISBLANK('Detailed Budget'!#REF!),"",('Detailed Budget'!#REF!)) -> #REF! | E8: =IF(ISBLANK('Detailed Budget'!#REF!),"",('Detailed Budget'!#REF!)) -> #REF! | F8: =IF(ISBLANK('Detailed Budget'!#REF!),"",('Detailed Budget'!#REF!)) -> #REF! | G8: =IF(ISBLANK('Detailed Budget'!A23),"",('Detailed Budget'!A23)) -> Total other non-NSW Government funding | H8: ='Detailed Budget'!#REF! -> #REF! | I8: ='Detailed Budget'!#REF! -> #REF!
A9: =IF(ISBLANK('Detailed Budget'!#REF!),"",('Detailed Budget'!#REF!)) -> #REF! | B9: =IF(ISBLANK('Detailed Budget'!#REF!),"",('Detailed Budget'!#REF!)) -> #REF! | C9: =IF(ISBLANK('Detailed Budget'!#REF!),"",('Detailed Budget'!#REF!)) -> #REF! | D9: =IF(ISBLANK('Detailed Budget'!#REF!),"",('Detailed Budget'!#REF!)) -> #REF! | E9: =IF(ISBLANK('Detailed Budget'!#REF!),"",('Detailed Budget'!#REF!)) -> #REF! | F9: =IF(ISBLANK('Detailed Budget'!#REF!),"",('Detailed Budget'!#REF!)) -> #REF! | G9: =IF(ISBLANK('Detailed Budget'!A24),"",('Detailed Budget'!A24)) | H9: ='Detailed Budget'!#REF! -> #REF! | I9: ='Detailed Budget'!#REF! -> #REF!
A10: =IF(ISBLANK('Detailed Budget'!#REF!),"",('Detailed Budget'!#REF!)) -> #REF! | B10: =IF(ISBLANK('Detailed Budget'!#REF!),"",('Detailed Budget'!#REF!)) -> #REF! | C10: =IF(ISBLANK('Detailed Budget'!#REF!),"",('Detailed Budget'!#REF!)) -> #REF! | D10: =IF(ISBLANK('Detailed Budget'!#REF!),"",('Detailed Budget'!#REF!)) -> #REF! | E10: =IF(ISBLANK('Detailed Budget'!#REF!),"",('Detailed Budget'!#REF!)) -> #REF! | F10: =IF(ISBLANK('Detailed Budget'!#REF!),"",('Detailed Budget'!#REF!)) -> #REF! | G10: =IF(ISBLANK('Detailed Budget'!#REF!),"",('Detailed Budget'!#REF!)) -> #REF! | H10: ='Detailed Budget'!#REF! -> #REF! | I10: ='Detailed Budget'!#REF! -> #REF!
A11: =IF(ISBLANK('Detailed Budget'!#REF!),"",('Detailed Budget'!#REF!)) -> #REF! | B11: =IF(ISBLANK('Detailed Budget'!#REF!),"",('Detailed Budget'!#REF!)) -> #REF! | C11: =IF(ISBLANK('Detailed Budget'!#REF!),"",('Detailed Budget'!#REF!)) -> #REF! | D11: =IF(ISBLANK('Detailed Budget'!#REF!),"",('Detailed Budget'!#REF!)) -> #REF! | E11: =IF(ISBLANK('Detailed Budget'!#REF!),"",('Detailed Budget'!#REF!)) -> #REF! | F11: =IF(ISBLANK('Detailed Budget'!#REF!),"",('Detailed Budget'!#REF!)) -> #REF! | G11: =IF(ISBLANK('Detailed Budget'!#REF!),"",('Detailed Budget'!#REF!)) -> #REF! | H11: ='Detailed Budget'!#REF! -> #REF! | I11: ='Detailed Budget'!#REF! -> #REF!
A12: =IF(ISBLANK('Detailed Budget'!#REF!),"",('Detailed Budget'!#REF!)) -> #REF! | B12: =IF(ISBLANK('Detailed Budget'!#REF!),"",('Detailed Budget'!#REF!)) -> #REF! | C12: =IF(ISBLANK('Detailed Budget'!#REF!),"",('Detailed Budget'!#REF!)) -> #REF! | D12: =IF(ISBLANK('Detailed Budget'!#REF!),"",('Detailed Budget'!#REF!)) -> #REF! | E12: =IF(ISBLANK('Detailed Budget'!#REF!),"",('Detailed Budget'!#REF!)) -> #REF! | F12: =IF(ISBLANK('Detailed Budget'!#REF!),"",('Detailed Budget'!#REF!)) -> #REF! | G12: =IF(ISBLANK('Detailed Budget'!#REF!),"",('Detailed Budget'!#REF!)) -> #REF! | H12: ='Detailed Budget'!#REF! -> #REF! | I12: ='Detailed Budget'!#REF! -> #REF!
A13: =IF(ISBLANK('Detailed Budget'!#REF!),"",('Detailed Budget'!#REF!)) -> #REF! | B13: =IF(ISBLANK('Detailed Budget'!#REF!),"",('Detailed Budget'!#REF!)) -> #REF! | C13: =IF(ISBLANK('Detailed Budget'!#REF!),"",('Detailed Budget'!#REF!)) -> #REF! | D13: =IF(ISBLANK('Detailed Budget'!#REF!),"",('Detailed Budget'!#REF!)) -> #REF! | E13: =IF(ISBLANK('Detailed Budget'!#REF!),"",('Detailed Budget'!#REF!)) -> #REF! | F13: =IF(ISBLANK('Detailed Budget'!#REF!),"",('Detailed Budget'!#REF!)) -> #REF! | G13: =IF(ISBLANK('Detailed Budget'!#REF!),"",('Detailed Budget'!#REF!)) -> #REF! | H13: ='Detailed Budget'!#REF! -> #REF! | I13: ='Detailed Budget'!#REF! -> #REF!
A14: =IF(ISBLANK('Detailed Budget'!#REF!),"",('Detailed Budget'!#REF!)) -> #REF! | B14: =IF(ISBLANK('Detailed Budget'!#REF!),"",('Detailed Budget'!#REF!)) -> #REF! | C14: =IF(ISBLANK('Detailed Budget'!#REF!),"",('Detailed Budget'!#REF!)) -> #REF! | D14: =IF(ISBLANK('Detailed Budget'!#REF!),"",('Detailed Budget'!#REF!)) -> #REF! | E14: =IF(ISBLANK('Detailed Budget'!#REF!),"",('Detailed Budget'!#REF!)) -> #REF! | F14: =IF(ISBLANK('Detailed Budget'!#REF!),"",('Detailed Budget'!#REF!)) -> #REF! | G14: =IF(ISBLANK('Detailed Budget'!#REF!),"",('Detailed Budget'!#REF!)) -> #REF! | H14: ='Detailed Budget'!#REF! -> #REF! | I14: ='Detailed Budget'!#REF! -> #REF!
A15: =IF(ISBLANK('Detailed Budget'!#REF!),"",('Detailed Budget'!#REF!)) -> #REF! | B15: =IF(ISBLANK('Detailed Budget'!#REF!),"",('Detailed Budget'!#REF!)) -> #REF! | C15: =IF(ISBLANK('Detailed Budget'!#REF!),"",('Detailed Budget'!#REF!)) -> #REF! | D15: =IF(ISBLANK('Detailed Budget'!#REF!),"",('Detailed Budget'!#REF!)) -> #REF! | E15: =IF(ISBLANK('Detailed Budget'!#REF!),"",('Detailed Budget'!#REF!)) -> #REF! | F15: =IF(ISBLANK('Detailed Budget'!#REF!),"",('Detailed Budget'!#REF!)) -> #REF! | G15: =IF(ISBLANK('Detailed Budget'!#REF!),"",('Detailed Budget'!#REF!)) -> #REF! | H15: ='Detailed Budget'!#REF! -> #REF! | I15: ='Detailed Budget'!#REF! -> #REF!
A16: =IF(ISBLANK('Detailed Budget'!#REF!),"",('Detailed Budget'!#REF!)) -> #REF! | B16: =IF(ISBLANK('Detailed Budget'!#REF!),"",('Detailed Budget'!#REF!)) -> #REF! | C16: =IF(ISBLANK('Detailed Budget'!#REF!),"",('Detailed Budget'!#REF!)) -> #REF! | D16: =IF(ISBLANK('Detailed Budget'!#REF!),"",('Detailed Budget'!#REF!)) -> #REF! | E16: =IF(ISBLANK('Detailed Budget'!#REF!),"",('Detailed Budget'!#REF!)) -> #REF! | F16: =IF(ISBLANK('Detailed Budget'!#REF!),"",('Detailed Budget'!#REF!)) -> #REF! | G16: =IF(ISBLANK('Detailed Budget'!#REF!),"",('Detailed Budget'!#REF!)) -> #REF! | H16: ='Detailed Budget'!#REF! -> #REF! | I16: ='Detailed Budget'!#REF! -> #REF!
A17: =IF(ISBLANK('Detailed Budget'!#REF!),"",('Detailed Budget'!#REF!)) -> #REF! | B17: =IF(ISBLANK('Detailed Budget'!#REF!),"",('Detailed Budget'!#REF!)) -> #REF! | C17: =IF(ISBLANK('Detailed Budget'!#REF!),"",('Detailed Budget'!#REF!)) -> #REF! | D17: =IF(ISBLANK('Detailed Budget'!#REF!),"",('Detailed Budget'!#REF!)) -> #REF! | E17: =IF(ISBLANK('Detailed Budget'!#REF!),"",('Detailed Budget'!#REF!)) -> #REF! | F17: =IF(ISBLANK('Detailed Budget'!#REF!),"",('Detailed Budget'!#REF!)) -> #REF! | G17: =IF(ISBLANK('Detailed Budget'!#REF!),"",('Detailed Budget'!#REF!)) -> #REF! | H17: ='Detailed Budget'!#REF! -> #REF! | I17: ='Detailed Budget'!#REF! -> #REF!
A18: =IF(ISBLANK('Detailed Budget'!#REF!),"",('Detailed Budget'!#REF!)) -> #REF! | B18: =IF(ISBLANK('Detailed Budget'!#REF!),"",('Detailed Budget'!#REF!)) -> #REF! | C18: =IF(ISBLANK('Detailed Budget'!#REF!),"",('Detailed Budget'!#REF!)) -> #REF! | D18: =IF(ISBLANK('Detailed Budget'!#REF!),"",('Detailed Budget'!#REF!)) -> #REF! | E18: =IF(ISBLANK('Detailed Budget'!#REF!),"",('Detailed Budget'!#REF!)) -> #REF! | F18: =IF(ISBLANK('Detailed Budget'!#REF!),"",('Detailed Budget'!#REF!)) -> #REF! | G18: =IF(ISBLANK('Detailed Budget'!#REF!),"",('Detailed Budget'!#REF!)) -> #REF! | H18: ='Detailed Budget'!#REF! -> #REF! | I18: ='Detailed Budget'!#REF! -> #REF!
A19: =IF(ISBLANK('Detailed Budget'!#REF!),"",('Detailed Budget'!#REF!)) -> #REF! | B19: =IF(ISBLANK('Detailed Budget'!#REF!),"",('Detailed Budget'!#REF!)) -> #REF! | C19: =IF(ISBLANK('Detailed Budget'!#REF!),"",('Detailed Budget'!#REF!)) -> #REF! | D19: =IF(ISBLANK('Detailed Budget'!#REF!),"",('Detailed Budget'!#REF!)) -> #REF! | E19: =IF(ISBLANK('Detailed Budget'!#REF!),"",('Detailed Budget'!#REF!)) -> #REF! | F19: =IF(ISBLANK('Detailed Budget'!#REF!),"",('Detailed Budget'!#REF!)) -> #REF! | G19: =IF(ISBLANK('Detailed Budget'!#REF!),"",('Detailed Budget'!#REF!)) -> #REF! | H19: ='Detailed Budget'!#REF! -> #REF! | I19: ='Detailed Budget'!#REF! -> #REF!
A20: =IF(ISBLANK('Detailed Budget'!#REF!),"",('Detailed Budget'!#REF!)) -> #REF! | B20: =IF(ISBLANK('Detailed Budget'!#REF!),"",('Detailed Budget'!#REF!)) -> #REF! | C20: =IF(ISBLANK('Detailed Budget'!#REF!),"",('Detailed Budget'!#REF!)) -> #REF! | D20: =IF(ISBLANK('Detailed Budget'!#REF!),"",('Detailed Budget'!#REF!)) -> #REF! | E20: =IF(ISBLANK('Detailed Budget'!#REF!),"",('Detailed Budget'!#REF!)) -> #REF! | F20: =IF(ISBLANK('Detailed Budget'!#REF!),"",('Detailed Budget'!#REF!)) -> #REF! | G20: =IF(ISBLANK('Detailed Budget'!#REF!),"",('Detailed Budget'!#REF!)) -> #REF! | H20: ='Detailed Budget'!#REF! -> #REF! | I20: ='Detailed Budget'!#REF! -> #REF!
A21: =IF(ISBLANK('Detailed Budget'!#REF!),"",('Detailed Budget'!#REF!)) -> #REF! | B21: =IF(ISBLANK('Detailed Budget'!#REF!),"",('Detailed Budget'!#REF!)) -> #REF! | C21: =IF(ISBLANK('Detailed Budget'!#REF!),"",('Detailed Budget'!#REF!)) -> #REF! | D21: =IF(ISBLANK('Detailed Budget'!#REF!),"",('Detailed Budget'!#REF!)) -> #REF! | E21: =IF(ISBLANK('Detailed Budget'!#REF!),"",('Detailed Budget'!#REF!)) -> #REF! | F21: =IF(ISBLANK('Detailed Budget'!#REF!),"",('Detailed Budget'!#REF!)) -> #REF! | G21: =IF(ISBLANK('Detailed Budget'!A25),"",('Detailed Budget'!A25)) -> Earned Income | H21: ='Detailed Budget'!#REF! -> #REF! | I21: ='Detailed Budget'!#REF! -> #REF!
A22: =IF(ISBLANK('Detailed Budget'!#REF!),"",('Detailed Budget'!#REF!)) -> #REF! | B22: =IF(ISBLANK('Detailed Budget'!#REF!),"",('Detailed Budget'!#REF!)) -> #REF! | C22: =IF(ISBLANK('Detailed Budget'!#REF!),"",('Detailed Budget'!#REF!)) -> #REF! | D22: =IF(ISBLANK('Detailed Budget'!#REF!),"",('Detailed Budget'!#REF!)) -> #REF! | E22: =IF(ISBLANK('Detailed Budget'!#REF!),"",('Detailed Budget'!#REF!)) -> #REF! | F22: =IF(ISBLANK('Detailed Budget'!#REF!),"",('Detailed Budget'!#REF!)) -> #REF! | G22: =IF(ISBLANK('Detailed Budget'!A26),"",('Detailed Budget'!A26)) -> Income From Ticket Sales/Entrance fees | H22: ='Detailed Budget'!#REF! -> #REF! | I22: ='Detailed Budget'!#REF! -> #REF!
A23: =IF(ISBLANK('Detailed Budget'!#REF!),"",('Detailed Budget'!#REF!)) -> #REF! | B23: =IF(ISBLANK('Detailed Budget'!#REF!),"",('Detailed Budget'!#REF!)) -> #REF! | C23: =IF(ISBLANK('Detailed Budget'!#REF!),"",('Detailed Budget'!#REF!)) -> #REF! | D23: =IF(ISBLANK('Detailed Budget'!#REF!),"",('Detailed Budget'!#REF!)) -> #REF! | E23: =IF(ISBLANK('Detailed Budget'!#REF!),"",('Detailed Budget'!#REF!)) -> #REF! | F23: =IF(ISBLANK('Detailed Budget'!#REF!),"",('Detailed Budget'!#REF!)) -> #REF! | G23: =IF(ISBLANK('Detailed Budget'!#REF!),"",('Detailed Budget'!#REF!)) -> #REF! | H23: ='Detailed Budget'!#REF! -> #REF! | I23: ='Detailed Budget'!#REF! -> #REF!
A24: =IF(ISBLANK('Detailed Budget'!#REF!),"",('Detailed Budget'!#REF!)) -> #REF! | B24: =IF(ISBLANK('Detailed Budget'!#REF!),"",('Detailed Budget'!#REF!)) -> #REF! | C24: =IF(ISBLANK('Detailed Budget'!#REF!),"",('Detailed Budget'!#REF!)) -> #REF! | D24: =IF(ISBLANK('Detailed Budget'!#REF!),"",('Detailed Budget'!#REF!)) -> #REF! | E24: =IF(ISBLANK('Detailed Budget'!#REF!),"",('Detailed Budget'!#REF!)) -> #REF! | F24: =IF(ISBLANK('Detailed Budget'!#REF!),"",('Detailed Budget'!#REF!)) -> #REF! | G24: =IF(ISBLANK('Detailed Budget'!A31),"",('Detailed Budget'!A31)) -> Contracted Performance/Speaker/Exhibition Fees | H24: ='Detailed Budget'!#REF! -> #REF! | I24: ='Detailed Budget'!#REF! -> #REF!
A25: =IF(ISBLANK('Detailed Budget'!#REF!),"",('Detailed Budget'!#REF!)) -> #REF! | B25: =IF(ISBLANK('Detailed Budget'!#REF!),"",('Detailed Budget'!#REF!)) -> #REF! | C25: =IF(ISBLANK('Detailed Budget'!#REF!),"",('Detailed Budget'!#REF!)) -> #REF! | D25: =IF(ISBLANK('Detailed Budget'!#REF!),"",('Detailed Budget'!#REF!)) -> #REF! | E25: =IF(ISBLANK('Detailed Budget'!#REF!),"",('Detailed Budget'!#REF!)) -> #REF! | F25: =IF(ISBLANK('Detailed Budget'!#REF!),"",('Detailed Budget'!#REF!)) -> #REF! | G25: =IF(ISBLANK('Detailed Budget'!#REF!),"",('Detailed Budget'!#REF!)) -> #REF! | H25: ='Detailed Budget'!#REF! -> #REF! | I25: ='Detailed Budget'!#REF! -> #REF!
A26: =IF(ISBLANK('Detailed Budget'!#REF!),"",('Detailed Budget'!#REF!)) -> #REF! | B26: =IF(ISBLANK('Detailed Budget'!#REF!),"",('Detailed Budget'!#REF!)) -> #REF! | C26: =IF(ISBLANK('Detailed Budget'!#REF!),"",('Detailed Budget'!#REF!)) -> #REF! | D26: =IF(ISBLANK('Detailed Budget'!#REF!),"",('Detailed Budget'!#REF!)) -> #REF! | E26: =IF(ISBLANK('Detailed Budget'!#REF!),"",('Detailed Budget'!#REF!)) -> #REF! | F26: =IF(ISBLANK('Detailed Budget'!#REF!),"",('Detailed Budget'!#REF!)) -> #REF! | G26: =IF(ISBLANK('Detailed Budget'!A32),"",('Detailed Budget'!A32)) -> <Add new row ABOVE here> | H26: ='Detailed Budget'!#REF! -> #REF! | I26: ='Detailed Budget'!#REF! -> #REF!
A27: =IF(ISBLANK('Detailed Budget'!#REF!),"",('Detailed Budget'!#REF!)) -> #REF! | B27: =IF(ISBLANK('Detailed Budget'!#REF!),"",('Detailed Budget'!#REF!)) -> #REF! | C27: =IF(ISBLANK('Detailed Budget'!#REF!),"",('Detailed Budget'!#REF!)) -> #REF! | D27: =IF(ISBLANK('Detailed Budget'!#REF!),"",('Detailed Budget'!#REF!)) -> #REF! | E27: =IF(ISBLANK('Detailed Budget'!#REF!),"",('Detailed Budget'!#REF!)) -> #REF! | F27: =IF(ISBLANK('Detailed Budget'!#REF!),"",('Detailed Budget'!#REF!)) -> #REF! | G27: =IF(ISBLANK('Detailed Budget'!A33),"",('Detailed Budget'!A33)) -> Total Project Revenue | H27: ='Detailed Budget'!#REF! -> #REF! | I27: ='Detailed Budget'!#REF! -> #REF!
A28: =IF(ISBLANK('Detailed Budget'!#REF!),"",('Detailed Budget'!#REF!)) -> #REF! | B28: =IF(ISBLANK('Detailed Budget'!#REF!),"",('Detailed Budget'!#REF!)) -> #REF! | C28: =IF(ISBLANK('Detailed Budget'!#REF!),"",('Detailed Budget'!#REF!)) -> #REF! | D28: =IF(ISBLANK('Detailed Budget'!#REF!),"",('Detailed Budget'!#REF!)) -> #REF! | E28: =IF(ISBLANK('Detailed Budget'!#REF!),"",('Detailed Budget'!#REF!)) -> #REF! | F28: =IF(ISBLANK('Detailed Budget'!#REF!),"",('Detailed Budget'!#REF!)) -> #REF! | G28: =IF(ISBLANK('Detailed Budget'!#REF!),"",('Detailed Budget'!#REF!)) -> #REF! | H28: ='Detailed Budget'!#REF! -> #REF! | I28: ='Detailed Budget'!#REF! -> #REF!
A29: =IF(ISBLANK('Detailed Budget'!#REF!),"",('Detailed Budget'!#REF!)) -> #REF! | B29: =IF(ISBLANK('Detailed Budget'!#REF!),"",('Detailed Budget'!#REF!)) -> #REF! | C29: =IF(ISBLANK('Detailed Budget'!#REF!),"",('Detailed Budget'!#REF!)) -> #REF! | D29: =IF(ISBLANK('Detailed Budget'!#REF!),"",('Detailed Budget'!#REF!)) -> #REF! | E29: =IF(ISBLANK('Detailed Budget'!#REF!),"",('Detailed Budget'!#REF!)) -> #REF! | F29: =IF(ISBLANK('Detailed Budget'!#REF!),"",('Detailed Budget'!#REF!)) -> #REF! | G29: =IF(ISBLANK('Detailed Budget'!#REF!),"",('Detailed Budget'!#REF!)) -> #REF! | H29: ='Detailed Budget'!#REF! -> #REF! | I29: ='Detailed Budget'!#REF! -> #REF!
A30: =IF(ISBLANK('Detailed Budget'!#REF!),"",('Detailed Budget'!#REF!)) -> #REF! | B30: =IF(ISBLANK('Detailed Budget'!#REF!),"",('Detailed Budget'!#REF!)) -> #REF! | C30: =IF(ISBLANK('Detailed Budget'!#REF!),"",('Detailed Budget'!#REF!)) -> #REF! | D30: =IF(ISBLANK('Detailed Budget'!#REF!),"",('Detailed Budget'!#REF!)) -> #REF! | E30: =IF(ISBLANK('Detailed Budget'!#REF!),"",('Detailed Budget'!#REF!)) -> #REF! | F30: =IF(ISBLANK('Detailed Budget'!#REF!),"",('Detailed Budget'!#REF!)) -> #REF! | G30: =IF(ISBLANK('Detailed Budget'!#REF!),"",('Detailed Budget'!#REF!)) -> #REF! | H30: ='Detailed Budget'!#REF! -> #REF! | I30: ='Detailed Budget'!#REF! -> #REF!
A31: =IF(ISBLANK('Detailed Budget'!#REF!),"",('Detailed Budget'!#REF!)) -> #REF! | B31: =IF(ISBLANK('Detailed Budget'!#REF!),"",('Detailed Budget'!#REF!)) -> #REF! | C31: =IF(ISBLANK('Detailed Budget'!#REF!),"",('Detailed Budget'!#REF!)) -> #REF! | D31: =IF(ISBLANK('Detailed Budget'!#REF!),"",('Detailed Budget'!#REF!)) -> #REF! | E31: =IF(ISBLANK('Detailed Budget'!#REF!),"",('Detailed Budget'!#REF!)) -> #REF! | F31: =IF(ISBLANK('Detailed Budget'!#REF!),"",('Detailed Budget'!#REF!)) -> #REF! | G31: =IF(ISBLANK('Detailed Budget'!#REF!),"",('Detailed Budget'!#REF!)) -> #REF! | H31: ='Detailed Budget'!#REF! -> #REF! | I31: ='Detailed Budget'!#REF! -> #REF!
A32: =IF(ISBLANK('Detailed Budget'!#REF!),"",('Detailed Budget'!#REF!)) -> #REF! | B32: =IF(ISBLANK('Detailed Budget'!#REF!),"",('Detailed Budget'!#REF!)) -> #REF! | C32: =IF(ISBLANK('Detailed Budget'!#REF!),"",('Detailed Budget'!#REF!)) -> #REF! | D32: =IF(ISBLANK('Detailed Budget'!#REF!),"",('Detailed Budget'!#REF!)) -> #REF! | E32: =IF(ISBLANK('Detailed Budget'!#REF!),"",('Detailed Budget'!#REF!)) -> #REF! | F32: =IF(ISBLANK('Detailed Budget'!#REF!),"",('Detailed Budget'!#REF!)) -> #REF! | G32: =IF(ISBLANK('Detailed Budget'!#REF!),"",('Detailed Budget'!#REF!)) -> #REF! | H32: ='Detailed Budget'!#REF! -> #REF! | I32: ='Detailed Budget'!#REF! -> #REF!
A33: =IF(ISBLANK('Detailed Budget'!#REF!),"",('Detailed Budget'!#REF!)) -> #REF! | B33: =IF(ISBLANK('Detailed Budget'!#REF!),"",('Detailed Budget'!#REF!)) -> #REF! | C33: =IF(ISBLANK('Detailed Budget'!#REF!),"",('Detailed Budget'!#REF!)) -> #REF! | D33: =IF(ISBLANK('Detailed Budget'!#REF!),"",('Detailed Budget'!#REF!)) -> #REF! | E33: =IF(ISBLANK('Detailed Budget'!#REF!),"",('Detailed Budget'!#REF!)) -> #REF! | F33: =IF(ISBLANK('Detailed Budget'!#REF!),"",('Detailed Budget'!#REF!)) -> #REF! | G33: =IF(ISBLANK('Detailed Budget'!#REF!),"",('Detailed Budget'!#REF!)) -> #REF! | H33: ='Detailed Budget'!#REF! -> #REF! | I33: ='Detailed Budget'!#REF! -> #REF!
A34: =IF(ISBLANK('Detailed Budget'!#REF!),"",('Detailed Budget'!#REF!)) -> #REF! | B34: =IF(ISBLANK('Detailed Budget'!#REF!),"",('Detailed Budget'!#REF!)) -> #REF! | C34: =IF(ISBLANK('Detailed Budget'!#REF!),"",('Detailed Budget'!#REF!)) -> #REF! | D34: =IF(ISBLANK('Detailed Budget'!#REF!),"",('Detailed Budget'!#REF!)) -> #REF! | E34: =IF(ISBLANK('Detailed Budget'!#REF!),"",('Detailed Budget'!#REF!)) -> #REF! | F34: =IF(ISBLANK('Detailed Budget'!#REF!),"",('Detailed Budget'!#REF!)) -> #REF! | G34: =IF(ISBLANK('Detailed Budget'!#REF!),"",('Detailed Budget'!#REF!)) -> #REF! | H34: ='Detailed Budget'!#REF! -> #REF! | I34: ='Detailed Budget'!#REF! -> #REF!
A35: =IF(ISBLANK('Detailed Budget'!#REF!),"",('Detailed Budget'!#REF!)) -> #REF! | B35: =IF(ISBLANK('Detailed Budget'!#REF!),"",('Detailed Budget'!#REF!)) -> #REF! | C35: =IF(ISBLANK('Detailed Budget'!#REF!),"",('Detailed Budget'!#REF!)) -> #REF! | D35: =IF(ISBLANK('Detailed Budget'!#REF!),"",('Detailed Budget'!#REF!)) -> #REF! | E35: =IF(ISBLANK('Detailed Budget'!#REF!),"",('Detailed Budget'!#REF!)) -> #REF! | F35: =IF(ISBLANK('Detailed Budget'!#REF!),"",('Detailed Budget'!#REF!)) -> #REF! | G35: =IF(ISBLANK('Detailed Budget'!A35),"",('Detailed Budget'!A35)) | H35: ='Detailed Budget'!#REF! -> #REF! | I35: ='Detailed Budget'!#REF! -> #REF!
A36: =IF(ISBLANK('Detailed Budget'!#REF!),"",('Detailed Budget'!#REF!)) -> #REF! | B36: =IF(ISBLANK('Detailed Budget'!#REF!),"",('Detailed Budget'!#REF!)) -> #REF! | C36: =IF(ISBLANK('Detailed Budget'!#REF!),"",('Detailed Budget'!#REF!)) -> #REF! | D36: =IF(ISBLANK('Detailed Budget'!#REF!),"",('Detailed Budget'!#REF!)) -> #REF! | E36: =IF(ISBLANK('Detailed Budget'!#REF!),"",('Detailed Budget'!#REF!)) -> #REF! | F36: =IF(ISBLANK('Detailed Budget'!#REF!),"",('Detailed Budget'!#REF!)) -> #REF! | G36: =IF(ISBLANK('Detailed Budget'!A36),"",('Detailed Budget'!A36)) -> Donations and Sponsorship | H36: ='Detailed Budget'!#REF! -> #REF! | I36: ='Detailed Budget'!#REF! -> #REF!
A37: =IF(ISBLANK('Detailed Budget'!#REF!),"",('Detailed Budget'!#REF!)) -> #REF! | B37: =IF(ISBLANK('Detailed Budget'!#REF!),"",('Detailed Budget'!#REF!)) -> #REF! | C37: =IF(ISBLANK('Detailed Budget'!#REF!),"",('Detailed Budget'!#REF!)) -> #REF! | D37: =IF(ISBLANK('Detailed Budget'!#REF!),"",('Detailed Budget'!#REF!)) -> #REF! | E37: =IF(ISBLANK('Detailed Budget'!#REF!),"",('Detailed Budget'!#REF!)) -> #REF! | F37: =IF(ISBLANK('Detailed Budget'!#REF!),"",('Detailed Budget'!#REF!)) -> #REF! | G37: =IF(ISBLANK('Detailed Budget'!A37),"",('Detailed Budget'!A37)) -> Creative Industry Partnership Contribution | H37: ='Detailed Budget'!#REF! -> #REF! | I37: ='Detailed Budget'!#REF! -> #REF!
A38: =IF(ISBLANK('Detailed Budget'!#REF!),"",('Detailed Budget'!#REF!)) -> #REF! | B38: =IF(ISBLANK('Detailed Budget'!#REF!),"",('Detailed Budget'!#REF!)) -> #REF! | C38: =IF(ISBLANK('Detailed Budget'!#REF!),"",('Detailed Budget'!#REF!)) -> #REF! | D38: =IF(ISBLANK('Detailed Budget'!#REF!),"",('Detailed Budget'!#REF!)) -> #REF! | E38: =IF(ISBLANK('Detailed Budget'!#REF!),"",('Detailed Budget'!#REF!)) -> #REF! | F38: =IF(ISBLANK('Detailed Budget'!#REF!),"",('Detailed Budget'!#REF!)) -> #REF! | G38: =IF(ISBLANK('Detailed Budget'!#REF!),"",('Detailed Budget'!#REF!)) -> #REF! | H38: ='Detailed Budget'!#REF! -> #REF! | I38: ='Detailed Budget'!#REF! -> #REF!
A39: =IF(ISBLANK('Detailed Budget'!#REF!),"",('Detailed Budget'!#REF!)) -> #REF! | B39: =IF(ISBLANK('Detailed Budget'!#REF!),"",('Detailed Budget'!#REF!)) -> #REF! | C39: =IF(ISBLANK('Detailed Budget'!#REF!),"",('Detailed Budget'!#REF!)) -> #REF! | D39: =IF(ISBLANK('Detailed Budget'!#REF!),"",('Detailed Budget'!#REF!)) -> #REF! | E39: =IF(ISBLANK('Detailed Budget'!#REF!),"",('Detailed Budget'!#REF!)) -> #REF! | F39: =IF(ISBLANK('Detailed Budget'!#REF!),"",('Detailed Budget'!#REF!)) -> #REF! | G39: =IF(ISBLANK('Detailed Budget'!#REF!),"",('Detailed Budget'!#REF!)) -> #REF! | H39: ='Detailed Budget'!#REF! -> #REF! | I39: ='Detailed Budget'!#REF! -> #REF!
A40: =IF(ISBLANK('Detailed Budget'!#REF!),"",('Detailed Budget'!#REF!)) -> #REF! | B40: =IF(ISBLANK('Detailed Budget'!#REF!),"",('Detailed Budget'!#REF!)) -> #REF! | C40: =IF(ISBLANK('Detailed Budget'!#REF!),"",('Detailed Budget'!#REF!)) -> #REF! | D40: =IF(ISBLANK('Detailed Budget'!#REF!),"",('Detailed Budget'!#REF!)) -> #REF! | E40: =IF(ISBLANK('Detailed Budget'!#REF!),"",('Detailed Budget'!#REF!)) -> #REF! | F40: =IF(ISBLANK('Detailed Budget'!#REF!),"",('Detailed Budget'!#REF!)) -> #REF! | G40: =IF(ISBLANK('Detailed Budget'!#REF!),"",('Detailed Budget'!#REF!)) -> #REF! | H40: ='Detailed Budget'!#REF! -> #REF! | I40: ='Detailed Budget'!#REF! -> #REF!
A41: =IF(ISBLANK('Detailed Budget'!#REF!),"",('Detailed Budget'!#REF!)) -> #REF! | B41: =IF(ISBLANK('Detailed Budget'!#REF!),"",('Detailed Budget'!#REF!)) -> #REF! | C41: =IF(ISBLANK('Detailed Budget'!#REF!),"",('Detailed Budget'!#REF!)) -> #REF! | D41: =IF(ISBLANK('Detailed Budget'!#REF!),"",('Detailed Budget'!#REF!)) -> #REF! | E41: =IF(ISBLANK('Detailed Budget'!#REF!),"",('Detailed Budget'!#REF!)) -> #REF! | F41: =IF(ISBLANK('Detailed Budget'!#REF!),"",('Detailed Budget'!#REF!)) -> #REF! | G41: =IF(ISBLANK('Detailed Budget'!#REF!),"",('Detailed Budget'!#REF!)) -> #REF! | H41: ='Detailed Budget'!#REF! -> #REF! | I41: ='Detailed Budget'!#REF! -> #REF!
A42: =IF(ISBLANK('Detailed Budget'!#REF!),"",('Detailed Budget'!#REF!)) -> #REF! | B42: =IF(ISBLANK('Detailed Budget'!#REF!),"",('Detailed Budget'!#REF!)) -> #REF! | C42: =IF(ISBLANK('Detailed Budget'!#REF!),"",('Detailed Budget'!#REF!)) -> #REF! | D42: =IF(ISBLANK('Detailed Budget'!#REF!),"",('Detailed Budget'!#REF!)) -> #REF! | E42: =IF(ISBLANK('Detailed Budget'!#REF!),"",('Detailed Budget'!#REF!)) -> #REF! | F42: =IF(ISBLANK('Detailed Budget'!#REF!),"",('Detailed Budget'!#REF!)) -> #REF! | G42: =IF(ISBLANK('Detailed Budget'!A41),"",('Detailed Budget'!A41)) -> <Add new row ABOVE here> | H42: ='Detailed Budget'!#REF! -> #REF! | I42: ='Detailed Budget'!#REF! -> #REF!
A43: =IF(ISBLANK('Detailed Budget'!#REF!),"",('Detailed Budget'!#REF!)) -> #REF! | B43: =IF(ISBLANK('Detailed Budget'!#REF!),"",('Detailed Budget'!#REF!)) -> #REF! | C43: =IF(ISBLANK('Detailed Budget'!#REF!),"",('Detailed Budget'!#REF!)) -> #REF! | D43: =IF(ISBLANK('Detailed Budget'!#REF!),"",('Detailed Budget'!#REF!)) -> #REF! | E43: =IF(ISBLANK('Detailed Budget'!#REF!),"",('Detailed Budget'!#REF!)) -> #REF! | F43: =IF(ISBLANK('Detailed Budget'!#REF!),"",('Detailed Budget'!#REF!)) -> #REF! | G43: =IF(ISBLANK('Detailed Budget'!A42),"",('Detailed Budget'!A42)) -> Total Partnership Contribution and Sponsorship | H43: ='Detailed Budget'!#REF! -> #REF! | I43: ='Detailed Budget'!#REF! -> #REF!
A44: =IF(ISBLANK('Detailed Budget'!#REF!),"",('Detailed Budget'!#REF!)) -> #REF! | B44: =IF(ISBLANK('Detailed Budget'!#REF!),"",('Detailed Budget'!#REF!)) -> #REF! | C44: =IF(ISBLANK('Detailed Budget'!#REF!),"",('Detailed Budget'!#REF!)) -> #REF! | D44: =IF(ISBLANK('Detailed Budget'!#REF!),"",('Detailed Budget'!#REF!)) -> #REF! | E44: =IF(ISBLANK('Detailed Budget'!#REF!),"",('Detailed Budget'!#REF!)) -> #REF! | F44: =IF(ISBLANK('Detailed Budget'!#REF!),"",('Detailed Budget'!#REF!)) -> #REF! | G44: =IF(ISBLANK('Detailed Budget'!#REF!),"",('Detailed Budget'!#REF!)) -> #REF! | H44: ='Detailed Budget'!#REF! -> #REF! | I44: ='Detailed Budget'!#REF! -> #REF!
A45: =IF(ISBLANK('Detailed Budget'!#REF!),"",('Detailed Budget'!#REF!)) -> #REF! | B45: =IF(ISBLANK('Detailed Budget'!#REF!),"",('Detailed Budget'!#REF!)) -> #REF! | C45: =IF(ISBLANK('Detailed Budget'!#REF!),"",('Detailed Budget'!#REF!)) -> #REF! | D45: =IF(ISBLANK('Detailed Budget'!#REF!),"",('Detailed Budget'!#REF!)) -> #REF! | E45: =IF(ISBLANK('Detailed Budget'!#REF!),"",('Detailed Budget'!#REF!)) -> #REF! | F45: =IF(ISBLANK('Detailed Budget'!#REF!),"",('Detailed Budget'!#REF!)) -> #REF! | G45: =IF(ISBLANK('Detailed Budget'!#REF!),"",('Detailed Budget'!#REF!)) -> #REF! | H45: ='Detailed Budget'!#REF! -> #REF! | I45: ='Detailed Budget'!#REF! -> #REF!
A46: =IF(ISBLANK('Detailed Budget'!#REF!),"",('Detailed Budget'!#REF!)) -> #REF! | B46: =IF(ISBLANK('Detailed Budget'!#REF!),"",('Detailed Budget'!#REF!)) -> #REF! | C46: =IF(ISBLANK('Detailed Budget'!#REF!),"",('Detailed Budget'!#REF!)) -> #REF! | D46: =IF(ISBLANK('Detailed Budget'!#REF!),"",('Detailed Budget'!#REF!)) -> #REF! | E46: =IF(ISBLANK('Detailed Budget'!#REF!),"",('Detailed Budget'!#REF!)) -> #REF! | F46: =IF(ISBLANK('Detailed Budget'!#REF!),"",('Detailed Budget'!#REF!)) -> #REF! | G46: =IF(ISBLANK('Detailed Budget'!#REF!),"",('Detailed Budget'!#REF!)) -> #REF! | H46: ='Detailed Budget'!#REF! -> #REF! | I46: ='Detailed Budget'!#REF! -> #REF!
A47: =IF(ISBLANK('Detailed Budget'!#REF!),"",('Detailed Budget'!#REF!)) -> #REF! | B47: =IF(ISBLANK('Detailed Budget'!#REF!),"",('Detailed Budget'!#REF!)) -> #REF! | C47: =IF(ISBLANK('Detailed Budget'!#REF!),"",('Detailed Budget'!#REF!)) -> #REF! | D47: =IF(ISBLANK('Detailed Budget'!#REF!),"",('Detailed Budget'!#REF!)) -> #REF! | E47: =IF(ISBLANK('Detailed Budget'!#REF!),"",('Detailed Budget'!#REF!)) -> #REF! | F47: =IF(ISBLANK('Detailed Budget'!#REF!),"",('Detailed Budget'!#REF!)) -> #REF! | G47: =IF(ISBLANK('Detailed Budget'!#REF!),"",('Detailed Budget'!#REF!)) -> #REF! | H47: ='Detailed Budget'!#REF! -> #REF! | I47: ='Detailed Budget'!#REF! -> #REF!
A48: =IF(ISBLANK('Detailed Budget'!#REF!),"",('Detailed Budget'!#REF!)) -> #REF! | B48: =IF(ISBLANK('Detailed Budget'!#REF!),"",('Detailed Budget'!#REF!)) -> #REF! | C48: =IF(ISBLANK('Detailed Budget'!#REF!),"",('Detailed Budget'!#REF!)) -> #REF! | D48: =IF(ISBLANK('Detailed Budget'!#REF!),"",('Detailed Budget'!#REF!)) -> #REF! | E48: =IF(ISBLANK('Detailed Budget'!#REF!),"",('Detailed Budget'!#REF!)) -> #REF! | F48: =IF(ISBLANK('Detailed Budget'!#REF!),"",('Detailed Budget'!#REF!)) -> #REF! | G48: =IF(ISBLANK('Detailed Budget'!#REF!),"",('Detailed Budget'!#REF!)) -> #REF! | H48: ='Detailed Budget'!#REF! -> #REF! | I48: ='Detailed Budget'!#REF! -> #REF!
A49: =IF(ISBLANK('Detailed Budget'!#REF!),"",('Detailed Budget'!#REF!)) -> #REF! | B49: =IF(ISBLANK('Detailed Budget'!#REF!),"",('Detailed Budget'!#REF!)) -> #REF! | C49: =IF(ISBLANK('Detailed Budget'!#REF!),"",('Detailed Budget'!#REF!)) -> #REF! | D49: =IF(ISBLANK('Detailed Budget'!#REF!),"",('Detailed Budget'!#REF!)) -> #REF! | E49: =IF(ISBLANK('Detailed Budget'!#REF!),"",('Detailed Budget'!#REF!)) -> #REF! | F49: =IF(ISBLANK('Detailed Budget'!#REF!),"",('Detailed Budget'!#REF!)) -> #REF! | G49: =IF(ISBLANK('Detailed Budget'!#REF!),"",('Detailed Budget'!#REF!)) -> #REF! | H49: ='Detailed Budget'!#REF! -> #REF! | I49: ='Detailed Budget'!#REF! -> #REF!
A50: =IF(ISBLANK('Detailed Budget'!#REF!),"",('Detailed Budget'!#REF!)) -> #REF! | B50: =IF(ISBLANK('Detailed Budget'!#REF!),"",('Detailed Budget'!#REF!)) -> #REF! | C50: =IF(ISBLANK('Detailed Budget'!#REF!),"",('Detailed Budget'!#REF!)) -> #REF! | D50: =IF(ISBLANK('Detailed Budget'!#REF!),"",('Detailed Budget'!#REF!)) -> #REF! | E50: =IF(ISBLANK('Detailed Budget'!#REF!),"",('Detailed Budget'!#REF!)) -> #REF! | F50: =IF(ISBLANK('Detailed Budget'!#REF!),"",('Detailed Budget'!#REF!)) -> #REF! | G50: =IF(ISBLANK('Detailed Budget'!A52),"",('Detailed Budget'!A52)) -> All Other income | H50: ='Detailed Budget'!#REF! -> #REF! | I50: ='Detailed Budget'!#REF! -> #REF!
A51: =IF(ISBLANK('Detailed Budget'!#REF!),"",('Detailed Budget'!#REF!)) -> #REF! | B51: =IF(ISBLANK('Detailed Budget'!#REF!),"",('Detailed Budget'!#REF!)) -> #REF! | C51: =IF(ISBLANK('Detailed Budget'!#REF!),"",('Detailed Budget'!#REF!)) -> #REF! | D51: =IF(ISBLANK('Detailed Budget'!#REF!),"",('Detailed Budget'!#REF!)) -> #REF! | E51: =IF(ISBLANK('Detailed Budget'!#REF!),"",('Detailed Budget'!#REF!)) -> #REF! | F51: =IF(ISBLANK('Detailed Budget'!#REF!),"",('Detailed Budget'!#REF!)) -> #REF! | G51: =IF(ISBLANK('Detailed Budget'!A53),"",('Detailed Budget'!A53)) -> <Enter Details> | H51: ='Detailed Budget'!#REF! -> #REF! | I51: ='Detailed Budget'!#REF! -> #REF!
A52: =IF(ISBLANK('Detailed Budget'!#REF!),"",('Detailed Budget'!#REF!)) -> #REF! | B52: =IF(ISBLANK('Detailed Budget'!#REF!),"",('Detailed Budget'!#REF!)) -> #REF! | C52: =IF(ISBLANK('Detailed Budget'!#REF!),"",('Detailed Budget'!#REF!)) -> #REF! | D52: =IF(ISBLANK('Detailed Budget'!#REF!),"",('Detailed Budget'!#REF!)) -> #REF! | E52: =IF(ISBLANK('Detailed Budget'!#REF!),"",('Detailed Budget'!#REF!)) -> #REF! | F52: =IF(ISBLANK('Detailed Budget'!#REF!),"",('Detailed Budget'!#REF!)) -> #REF! | G52: =IF(ISBLANK('Detailed Budget'!A55),"",('Detailed Budget'!A55)) -> <Add new row ABOVE here> | H52: ='Detailed Budget'!#REF! -> #REF! | I52: ='Detailed Budget'!#REF! -> #REF!
A53: =IF(ISBLANK('Detailed Budget'!#REF!),"",('Detailed Budget'!#REF!)) -> #REF! | B53: =IF(ISBLANK('Detailed Budget'!#REF!),"",('Detailed Budget'!#REF!)) -> #REF! | C53: =IF(ISBLANK('Detailed Budget'!#REF!),"",('Detailed Budget'!#REF!)) -> #REF! | D53: =IF(ISBLANK('Detailed Budget'!#REF!),"",('Detailed Budget'!#REF!)) -> #REF! | E53: =IF(ISBLANK('Detailed Budget'!#REF!),"",('Detailed Budget'!#REF!)) -> #REF! | F53: =IF(ISBLANK('Detailed Budget'!#REF!),"",('Detailed Budget'!#REF!)) -> #REF! | G53: =IF(ISBLANK('Detailed Budget'!#REF!),"",('Detailed Budget'!#REF!)) -> #REF! | H53: ='Detailed Budget'!#REF! -> #REF! | I53: ='Detailed Budget'!#REF! -> #REF!
A54: =IF(ISBLANK('Detailed Budget'!#REF!),"",('Detailed Budget'!#REF!)) -> #REF! | B54: =IF(ISBLANK('Detailed Budget'!#REF!),"",('Detailed Budget'!#REF!)) -> #REF! | C54: =IF(ISBLANK('Detailed Budget'!#REF!),"",('Detailed Budget'!#REF!)) -> #REF! | D54: =IF(ISBLANK('Detailed Budget'!#REF!),"",('Detailed Budget'!#REF!)) -> #REF! | E54: =IF(ISBLANK('Detailed Budget'!#REF!),"",('Detailed Budget'!#REF!)) -> #REF! | F54: =IF(ISBLANK('Detailed Budget'!#REF!),"",('Detailed Budget'!#REF!)) -> #REF! | G54: =IF(ISBLANK('Detailed Budget'!#REF!),"",('Detailed Budget'!#REF!)) -> #REF! | H54: ='Detailed Budget'!#REF! -> #REF! | I54: ='Detailed Budget'!#REF! -> #REF!
A55: =IF(ISBLANK('Detailed Budget'!#REF!),"",('Detailed Budget'!#REF!)) -> #REF! | B55: =IF(ISBLANK('Detailed Budget'!#REF!),"",('Detailed Budget'!#REF!)) -> #REF! | C55: =IF(ISBLANK('Detailed Budget'!#REF!),"",('Detailed Budget'!#REF!)) -> #REF! | D55: =IF(ISBLANK('Detailed Budget'!#REF!),"",('Detailed Budget'!#REF!)) -> #REF! | E55: =IF(ISBLANK('Detailed Budget'!#REF!),"",('Detailed Budget'!#REF!)) -> #REF! | F55: =IF(ISBLANK('Detailed Budget'!#REF!),"",('Detailed Budget'!#REF!)) -> #REF! | G55: =IF(ISBLANK('Detailed Budget'!A56),"",('Detailed Budget'!A56)) -> Total all other income | H55: ='Detailed Budget'!#REF! -> #REF! | I55: ='Detailed Budget'!#REF! -> #REF!
A56: =IF(ISBLANK('Detailed Budget'!#REF!),"",('Detailed Budget'!#REF!)) -> #REF! | B56: =IF(ISBLANK('Detailed Budget'!#REF!),"",('Detailed Budget'!#REF!)) -> #REF! | C56: =IF(ISBLANK('Detailed Budget'!#REF!),"",('Detailed Budget'!#REF!)) -> #REF! | D56: =IF(ISBLANK('Detailed Budget'!#REF!),"",('Detailed Budget'!#REF!)) -> #REF! | E56: =IF(ISBLANK('Detailed Budget'!#REF!),"",('Detailed Budget'!#REF!)) -> #REF! | F56: =IF(ISBLANK('Detailed Budget'!#REF!),"",('Detailed Budget'!#REF!)) -> #REF! | G56: =IF(ISBLANK('Detailed Budget'!A43),"",('Detailed Budget'!A43)) | H56: ='Detailed Budget'!#REF! -> #REF! | I56: ='Detailed Budget'!#REF! -> #REF!
A57: =IF(ISBLANK('Detailed Budget'!#REF!),"",('Detailed Budget'!#REF!)) -> #REF! | B57: =IF(ISBLANK('Detailed Budget'!#REF!),"",('Detailed Budget'!#REF!)) -> #REF! | C57: =IF(ISBLANK('Detailed Budget'!#REF!),"",('Detailed Budget'!#REF!)) -> #REF! | D57: =IF(ISBLANK('Detailed Budget'!#REF!),"",('Detailed Budget'!#REF!)) -> #REF! | E57: =IF(ISBLANK('Detailed Budget'!#REF!),"",('Detailed Budget'!#REF!)) -> #REF! | F57: =IF(ISBLANK('Detailed Budget'!#REF!),"",('Detailed Budget'!#REF!)) -> #REF! | G57: =IF(ISBLANK('Detailed Budget'!#REF!),"",('Detailed Budget'!#REF!)) -> #REF! | H57: ='Detailed Budget'!#REF! -> #REF! | I57: ='Detailed Budget'!#REF! -> #REF!
A58: =IF(ISBLANK('Detailed Budget'!#REF!),"",('Detailed Budget'!#REF!)) -> #REF! | B58: =IF(ISBLANK('Detailed Budget'!#REF!),"",('Detailed Budget'!#REF!)) -> #REF! | C58: =IF(ISBLANK('Detailed Budget'!#REF!),"",('Detailed Budget'!#REF!)) -> #REF! | D58: =IF(ISBLANK('Detailed Budget'!#REF!),"",('Detailed Budget'!#REF!)) -> #REF! | E58: =IF(ISBLANK('Detailed Budget'!#REF!),"",('Detailed Budget'!#REF!)) -> #REF! | F58: =IF(ISBLANK('Detailed Budget'!#REF!),"",('Detailed Budget'!#REF!)) -> #REF! | G58: =IF(ISBLANK('Detailed Budget'!#REF!),"",('Detailed Budget'!#REF!)) -> #REF! | H58: ='Detailed Budget'!#REF! -> #REF! | I58: ='Detailed Budget'!#REF! -> #REF!
A59: =IF(ISBLANK('Detailed Budget'!#REF!),"",('Detailed Budget'!#REF!)) -> #REF! | B59: =IF(ISBLANK('Detailed Budget'!#REF!),"",('Detailed Budget'!#REF!)) -> #REF! | C59: =IF(ISBLANK('Detailed Budget'!#REF!),"",('Detailed Budget'!#REF!)) -> #REF! | D59: =IF(ISBLANK('Detailed Budget'!#REF!),"",('Detailed Budget'!#REF!)) -> #REF! | E59: =IF(ISBLANK('Detailed Budget'!#REF!),"",('Detailed Budget'!#REF!)) -> #REF! | F59: =IF(ISBLANK('Detailed Budget'!#REF!),"",('Detailed Budget'!#REF!)) -> #REF! | G59: =IF(ISBLANK('Detailed Budget'!#REF!),"",('Detailed Budget'!#REF!)) -> #REF! | H59: ='Detailed Budget'!#REF! -> #REF! | I59: ='Detailed Budget'!#REF! -> #REF!
A60: =IF(ISBLANK('Detailed Budget'!#REF!),"",('Detailed Budget'!#REF!)) -> #REF! | B60: =IF(ISBLANK('Detailed Budget'!#REF!),"",('Detailed Budget'!#REF!)) -> #REF! | C60: =IF(ISBLANK('Detailed Budget'!#REF!),"",('Detailed Budget'!#REF!)) -> #REF! | D60: =IF(ISBLANK('Detailed Budget'!#REF!),"",('Detailed Budget'!#REF!)) -> #REF! | E60: =IF(ISBLANK('Detailed Budget'!#REF!),"",('Detailed Budget'!#REF!)) -> #REF! | F60: =IF(ISBLANK('Detailed Budget'!#REF!),"",('Detailed Budget'!#REF!)) -> #REF! | G60: =IF(ISBLANK('Detailed Budget'!#REF!),"",('Detailed Budget'!#REF!)) -> #REF! | H60: ='Detailed Budget'!#REF! -> #REF! | I60: ='Detailed Budget'!#REF! -> #REF!
A61: =IF(ISBLANK('Detailed Budget'!#REF!),"",('Detailed Budget'!#REF!)) -> #REF! | B61: =IF(ISBLANK('Detailed Budget'!#REF!),"",('Detailed Budget'!#REF!)) -> #REF! | C61: =IF(ISBLANK('Detailed Budget'!#REF!),"",('Detailed Budget'!#REF!)) -> #REF! | D61: =IF(ISBLANK('Detailed Budget'!#REF!),"",('Detailed Budget'!#REF!)) -> #REF! | E61: =IF(ISBLANK('Detailed Budget'!#REF!),"",('Detailed Budget'!#REF!)) -> #REF! | F61: =IF(ISBLANK('Detailed Budget'!#REF!),"",('Detailed Budget'!#REF!)) -> #REF! | G61: =IF(ISBLANK('Detailed Budget'!#REF!),"",('Detailed Budget'!#REF!)) -> #REF! | H61: ='Detailed Budget'!#REF! -> #REF! | I61: ='Detailed Budget'!#REF! -> #REF!
A62: =IF(ISBLANK('Detailed Budget'!#REF!),"",('Detailed Budget'!#REF!)) -> #REF! | B62: =IF(ISBLANK('Detailed Budget'!#REF!),"",('Detailed Budget'!#REF!)) -> #REF! | C62: =IF(ISBLANK('Detailed Budget'!#REF!),"",('Detailed Budget'!#REF!)) -> #REF! | D62: =IF(ISBLANK('Detailed Budget'!#REF!),"",('Detailed Budget'!#REF!)) -> #REF! | E62: =IF(ISBLANK('Detailed Budget'!#REF!),"",('Detailed Budget'!#REF!)) -> #REF! | F62: =IF(ISBLANK('Detailed Budget'!#REF!),"",('Detailed Budget'!#REF!)) -> #REF! | G62: =IF(ISBLANK('Detailed Budget'!#REF!),"",('Detailed Budget'!#REF!)) -> #REF! | H62: ='Detailed Budget'!#REF! -> #REF! | I62: ='Detailed Budget'!#REF! -> #REF!
A63: =IF(ISBLANK('Detailed Budget'!#REF!),"",('Detailed Budget'!#REF!)) -> #REF! | B63: =IF(ISBLANK('Detailed Budget'!#REF!),"",('Detailed Budget'!#REF!)) -> #REF! | C63: =IF(ISBLANK('Detailed Budget'!#REF!),"",('Detailed Budget'!#REF!)) -> #REF! | D63: =IF(ISBLANK('Detailed Budget'!#REF!),"",('Detailed Budget'!#REF!)) -> #REF! | E63: =IF(ISBLANK('Detailed Budget'!#REF!),"",('Detailed Budget'!#REF!)) -> #REF! | F63: =IF(ISBLANK('Detailed Budget'!#REF!),"",('Detailed Budget'!#REF!)) -> #REF! | G63: =IF(ISBLANK('Detailed Budget'!A44),"",('Detailed Budget'!A44)) | H63: ='Detailed Budget'!#REF! -> #REF! | I63: ='Detailed Budget'!#REF! -> #REF!
A64: =IF(ISBLANK('Detailed Budget'!#REF!),"",('Detailed Budget'!#REF!)) -> #REF! | B64: =IF(ISBLANK('Detailed Budget'!#REF!),"",('Detailed Budget'!#REF!)) -> #REF! | C64: =IF(ISBLANK('Detailed Budget'!#REF!),"",('Detailed Budget'!#REF!)) -> #REF! | D64: =IF(ISBLANK('Detailed Budget'!#REF!),"",('Detailed Budget'!#REF!)) -> #REF! | E64: =IF(ISBLANK('Detailed Budget'!#REF!),"",('Detailed Budget'!#REF!)) -> #REF! | F64: =IF(ISBLANK('Detailed Budget'!#REF!),"",('Detailed Budget'!#REF!)) -> #REF! | G64: =IF(ISBLANK('Detailed Budget'!A45),"",('Detailed Budget'!A45)) -> In-Kind | H64: ='Detailed Budget'!#REF! -> #REF! | I64: ='Detailed Budget'!#REF! -> #REF!
A65: =IF(ISBLANK('Detailed Budget'!#REF!),"",('Detailed Budget'!#REF!)) -> #REF! | B65: =IF(ISBLANK('Detailed Budget'!#REF!),"",('Detailed Budget'!#REF!)) -> #REF! | C65: =IF(ISBLANK('Detailed Budget'!#REF!),"",('Detailed Budget'!#REF!)) -> #REF! | D65: =IF(ISBLANK('Detailed Budget'!#REF!),"",('Detailed Budget'!#REF!)) -> #REF! | E65: =IF(ISBLANK('Detailed Budget'!#REF!),"",('Detailed Budget'!#REF!)) -> #REF! | F65: =IF(ISBLANK('Detailed Budget'!#REF!),"",('Detailed Budget'!#REF!)) -> #REF! | G65: =IF(ISBLANK('Detailed Budget'!#REF!),"",('Detailed Budget'!#REF!)) -> #REF! | H65: ='Detailed Budget'!#REF! -> #REF! | I65: ='Detailed Budget'!#REF! -> #REF!
A66: =IF(ISBLANK('Detailed Budget'!#REF!),"",('Detailed Budget'!#REF!)) -> #REF! | B66: =IF(ISBLANK('Detailed Budget'!#REF!),"",('Detailed Budget'!#REF!)) -> #REF! | C66: =IF(ISBLANK('Detailed Budget'!#REF!),"",('Detailed Budget'!#REF!)) -> #REF! | D66: =IF(ISBLANK('Detailed Budget'!#REF!),"",('Detailed Budget'!#REF!)) -> #REF! | E66: =IF(ISBLANK('Detailed Budget'!#REF!),"",('Detailed Budget'!#REF!)) -> #REF! | F66: =IF(ISBLANK('Detailed Budget'!#REF!),"",('Detailed Budget'!#REF!)) -> #REF! | G66: =IF(ISBLANK('Detailed Budget'!A49),"",('Detailed Budget'!A49)) -> <Add new row ABOVE here> | H66: ='Detailed Budget'!#REF! -> #REF! | I66: ='Detailed Budget'!#REF! -> #REF!
A67: =IF(ISBLANK('Detailed Budget'!#REF!),"",('Detailed Budget'!#REF!)) -> #REF! | B67: =IF(ISBLANK('Detailed Budget'!#REF!),"",('Detailed Budget'!#REF!)) -> #REF! | C67: =IF(ISBLANK('Detailed Budget'!#REF!),"",('Detailed Budget'!#REF!)) -> #REF! | D67: =IF(ISBLANK('Detailed Budget'!#REF!),"",('Detailed Budget'!#REF!)) -> #REF! | E67: =IF(ISBLANK('Detailed Budget'!#REF!),"",('Detailed Budget'!#REF!)) -> #REF! | F67: =IF(ISBLANK('Detailed Budget'!#REF!),"",('Detailed Budget'!#REF!)) -> #REF! | G67: =IF(ISBLANK('Detailed Budget'!A50),"",('Detailed Budget'!A50)) -> Total In-Kind | H67: ='Detailed Budget'!#REF! -> #REF! | I67: ='Detailed Budget'!#REF! -> #REF!
A68: =IF(ISBLANK('Detailed Budget'!#REF!),"",('Detailed Budget'!#REF!)) -> #REF! | B68: =IF(ISBLANK('Detailed Budget'!#REF!),"",('Detailed Budget'!#REF!)) -> #REF! | C68: =IF(ISBLANK('Detailed Budget'!#REF!),"",('Detailed Budget'!#REF!)) -> #REF! | D68: =IF(ISBLANK('Detailed Budget'!#REF!),"",('Detailed Budget'!#REF!)) -> #REF! | E68: =IF(ISBLANK('Detailed Budget'!#REF!),"",('Detailed Budget'!#REF!)) -> #REF! | F68: =IF(ISBLANK('Detailed Budget'!#REF!),"",('Detailed Budget'!#REF!)) -> #REF! | G68: =IF(ISBLANK('Detailed Budget'!A57),"",('Detailed Budget'!A57)) | H68: ='Detailed Budget'!#REF! -> #REF! | I68: ='Detailed Budget'!#REF! -> #REF!
A69: =IF(ISBLANK('Detailed Budget'!#REF!),"",('Detailed Budget'!#REF!)) -> #REF! | B69: =IF(ISBLANK('Detailed Budget'!#REF!),"",('Detailed Budget'!#REF!)) -> #REF! | C69: =IF(ISBLANK('Detailed Budget'!#REF!),"",('Detailed Budget'!#REF!)) -> #REF! | D69: =IF(ISBLANK('Detailed Budget'!#REF!),"",('Detailed Budget'!#REF!)) -> #REF! | E69: =IF(ISBLANK('Detailed Budget'!#REF!),"",('Detailed Budget'!#REF!)) -> #REF! | F69: =IF(ISBLANK('Detailed Budget'!#REF!),"",('Detailed Budget'!#REF!)) -> #REF! | G69: =IF(ISBLANK('Detailed Budget'!#REF!),"",('Detailed Budget'!#REF!)) -> #REF! | H69: ='Detailed Budget'!#REF! -> #REF! | I69: ='Detailed Budget'!#REF! -> #REF!
A70: =IF(ISBLANK('Detailed Budget'!#REF!),"",('Detailed Budget'!#REF!)) -> #REF! | B70: =IF(ISBLANK('Detailed Budget'!#REF!),"",('Detailed Budget'!#REF!)) -> #REF! | C70: =IF(ISBLANK('Detailed Budget'!#REF!),"",('Detailed Budget'!#REF!)) -> #REF! | D70: =IF(ISBLANK('Detailed Budget'!#REF!),"",('Detailed Budget'!#REF!)) -> #REF! | E70: =IF(ISBLANK('Detailed Budget'!#REF!),"",('Detailed Budget'!#REF!)) -> #REF! | F70: =IF(ISBLANK('Detailed Budget'!#REF!),"",('Detailed Budget'!#REF!)) -> #REF! | G70: =IF(ISBLANK('Detailed Budget'!A58),"",('Detailed Budget'!A58)) | H70: ='Detailed Budget'!#REF! -> #REF! | I70: ='Detailed Budget'!#REF! -> #REF!
A71: =IF(ISBLANK('Detailed Budget'!#REF!),"",('Detailed Budget'!#REF!)) -> #REF! | B71: =IF(ISBLANK('Detailed Budget'!#REF!),"",('Detailed Budget'!#REF!)) -> #REF! | C71: =IF(ISBLANK('Detailed Budget'!#REF!),"",('Detailed Budget'!#REF!)) -> #REF! | D71: =IF(ISBLANK('Detailed Budget'!#REF!),"",('Detailed Budget'!#REF!)) -> #REF! | E71: =IF(ISBLANK('Detailed Budget'!#REF!),"",('Detailed Budget'!#REF!)) -> #REF! | F71: =IF(ISBLANK('Detailed Budget'!#REF!),"",('Detailed Budget'!#REF!)) -> #REF! | G71: =IF(ISBLANK('Detailed Budget'!A59),"",('Detailed Budget'!A59)) -> Total Income | H71: ='Detailed Budget'!#REF! -> #REF! | I71: ='Detailed Budget'!#REF! -> #REF!
A72: =IF(ISBLANK('Detailed Budget'!#REF!),"",('Detailed Budget'!#REF!)) -> #REF! | B72: =IF(ISBLANK('Detailed Budget'!#REF!),"",('Detailed Budget'!#REF!)) -> #REF! | C72: =IF(ISBLANK('Detailed Budget'!#REF!),"",('Detailed Budget'!#REF!)) -> #REF! | D72: =IF(ISBLANK('Detailed Budget'!#REF!),"",('Detailed Budget'!#REF!)) -> #REF! | E72: =IF(ISBLANK('Detailed Budget'!#REF!),"",('Detailed Budget'!#REF!)) -> #REF! | F72: =IF(ISBLANK('Detailed Budget'!#REF!),"",('Detailed Budget'!#REF!)) -> #REF! | G72: =IF(ISBLANK('Detailed Budget'!A61),"",('Detailed Budget'!A61)) | H72: ='Detailed Budget'!#REF! -> #REF! | I72: ='Detailed Budget'!#REF! -> #REF!
A73: =IF(ISBLANK('Detailed Budget'!#REF!),"",('Detailed Budget'!#REF!)) -> #REF! | B73: =IF(ISBLANK('Detailed Budget'!#REF!),"",('Detailed Budget'!#REF!)) -> #REF! | C73: =IF(ISBLANK('Detailed Budget'!#REF!),"",('Detailed Budget'!#REF!)) -> #REF! | D73: =IF(ISBLANK('Detailed Budget'!#REF!),"",('Detailed Budget'!#REF!)) -> #REF! | E73: =IF(ISBLANK('Detailed Budget'!#REF!),"",('Detailed Budget'!#REF!)) -> #REF! | F73: =IF(ISBLANK('Detailed Budget'!#REF!),"",('Detailed Budget'!#REF!)) -> #REF! | G73: =IF(ISBLANK('Detailed Budget'!A62),"",('Detailed Budget'!A62)) -> Expense/Costs | H73: ='Detailed Budget'!#REF! -> #REF! | I73: ='Detailed Budget'!#REF! -> #REF!
A74: =IF(ISBLANK('Detailed Budget'!#REF!),"",('Detailed Budget'!#REF!)) -> #REF! | B74: =IF(ISBLANK('Detailed Budget'!#REF!),"",('Detailed Budget'!#REF!)) -> #REF! | C74: =IF(ISBLANK('Detailed Budget'!#REF!),"",('Detailed Budget'!#REF!)) -> #REF! | D74: =IF(ISBLANK('Detailed Budget'!#REF!),"",('Detailed Budget'!#REF!)) -> #REF! | E74: =IF(ISBLANK('Detailed Budget'!#REF!),"",('Detailed Budget'!#REF!)) -> #REF! | F74: =IF(ISBLANK('Detailed Budget'!#REF!),"",('Detailed Budget'!#REF!)) -> #REF! | G74: =IF(ISBLANK('Detailed Budget'!A63),"",('Detailed Budget'!A63)) | H74: ='Detailed Budget'!#REF! -> #REF! | I74: ='Detailed Budget'!#REF! -> #REF!
A75: =IF(ISBLANK('Detailed Budget'!#REF!),"",('Detailed Budget'!#REF!)) -> #REF! | B75: =IF(ISBLANK('Detailed Budget'!#REF!),"",('Detailed Budget'!#REF!)) -> #REF! | C75: =IF(ISBLANK('Detailed Budget'!#REF!),"",('Detailed Budget'!#REF!)) -> #REF! | D75: =IF(ISBLANK('Detailed Budget'!#REF!),"",('Detailed Budget'!#REF!)) -> #REF! | E75: =IF(ISBLANK('Detailed Budget'!#REF!),"",('Detailed Budget'!#REF!)) -> #REF! | F75: =IF(ISBLANK('Detailed Budget'!#REF!),"",('Detailed Budget'!#REF!)) -> #REF! | G75: =IF(ISBLANK('Detailed Budget'!A64),"",('Detailed Budget'!A64)) -> Wages and Fees | H75: ='Detailed Budget'!#REF! -> #REF! | I75: ='Detailed Budget'!#REF! -> #REF!
A76: =IF(ISBLANK('Detailed Budget'!#REF!),"",('Detailed Budget'!#REF!)) -> #REF! | B76: =IF(ISBLANK('Detailed Budget'!#REF!),"",('Detailed Budget'!#REF!)) -> #REF! | C76: =IF(ISBLANK('Detailed Budget'!#REF!),"",('Detailed Budget'!#REF!)) -> #REF! | D76: =IF(ISBLANK('Detailed Budget'!#REF!),"",('Detailed Budget'!#REF!)) -> #REF! | E76: =IF(ISBLANK('Detailed Budget'!#REF!),"",('Detailed Budget'!#REF!)) -> #REF! | F76: =IF(ISBLANK('Detailed Budget'!#REF!),"",('Detailed Budget'!#REF!)) -> #REF! | G76: =IF(ISBLANK('Detailed Budget'!#REF!),"",('Detailed Budget'!#REF!)) -> #REF! | H76: ='Detailed Budget'!#REF! -> #REF! | I76: ='Detailed Budget'!#REF! -> #REF!
A77: =IF(ISBLANK('Detailed Budget'!#REF!),"",('Detailed Budget'!#REF!)) -> #REF! | B77: =IF(ISBLANK('Detailed Budget'!#REF!),"",('Detailed Budget'!#REF!)) -> #REF! | C77: =IF(ISBLANK('Detailed Budget'!#REF!),"",('Detailed Budget'!#REF!)) -> #REF! | D77: =IF(ISBLANK('Detailed Budget'!#REF!),"",('Detailed Budget'!#REF!)) -> #REF! | E77: =IF(ISBLANK('Detailed Budget'!#REF!),"",('Detailed Budget'!#REF!)) -> #REF! | F77: =IF(ISBLANK('Detailed Budget'!#REF!),"",('Detailed Budget'!#REF!)) -> #REF! | G77: =IF(ISBLANK('Detailed Budget'!#REF!),"",('Detailed Budget'!#REF!)) -> #REF! | H77: ='Detailed Budget'!#REF! -> #REF! | I77: ='Detailed Budget'!#REF! -> #REF!
A78: =IF(ISBLANK('Detailed Budget'!#REF!),"",('Detailed Budget'!#REF!)) -> #REF! | B78: =IF(ISBLANK('Detailed Budget'!#REF!),"",('Detailed Budget'!#REF!)) -> #REF! | C78: =IF(ISBLANK('Detailed Budget'!#REF!),"",('Detailed Budget'!#REF!)) -> #REF! | D78: =IF(ISBLANK('Detailed Budget'!#REF!),"",('Detailed Budget'!#REF!)) -> #REF! | E78: =IF(ISBLANK('Detailed Budget'!#REF!),"",('Detailed Budget'!#REF!)) -> #REF! | F78: =IF(ISBLANK('Detailed Budget'!#REF!),"",('Detailed Budget'!#REF!)) -> #REF! | G78: =IF(ISBLANK('Detailed Budget'!#REF!),"",('Detailed Budget'!#REF!)) -> #REF! | H78: ='Detailed Budget'!#REF! -> #REF! | I78: ='Detailed Budget'!#REF! -> #REF!
A79: =IF(ISBLANK('Detailed Budget'!#REF!),"",('Detailed Budget'!#REF!)) -> #REF! | B79: =IF(ISBLANK('Detailed Budget'!#REF!),"",('Detailed Budget'!#REF!)) -> #REF! | C79: =IF(ISBLANK('Detailed Budget'!#REF!),"",('Detailed Budget'!#REF!)) -> #REF! | D79: =IF(ISBLANK('Detailed Budget'!#REF!),"",('Detailed Budget'!#REF!)) -> #REF! | E79: =IF(ISBLANK('Detailed Budget'!#REF!),"",('Detailed Budget'!#REF!)) -> #REF! | F79: =IF(ISBLANK('Detailed Budget'!#REF!),"",('Detailed Budget'!#REF!)) -> #REF! | G79: =IF(ISBLANK('Detailed Budget'!#REF!),"",('Detailed Budget'!#REF!)) -> #REF! | H79: ='Detailed Budget'!#REF! -> #REF! | I79: ='Detailed Budget'!#REF! -> #REF!
A80: =IF(ISBLANK('Detailed Budget'!#REF!),"",('Detailed Budget'!#REF!)) -> #REF! | B80: =IF(ISBLANK('Detailed Budget'!#REF!),"",('Detailed Budget'!#REF!)) -> #REF! | C80: =IF(ISBLANK('Detailed Budget'!#REF!),"",('Detailed Budget'!#REF!)) -> #REF! | D80: =IF(ISBLANK('Detailed Budget'!#REF!),"",('Detailed Budget'!#REF!)) -> #REF! | E80: =IF(ISBLANK('Detailed Budget'!#REF!),"",('Detailed Budget'!#REF!)) -> #REF! | F80: =IF(ISBLANK('Detailed Budget'!#REF!),"",('Detailed Budget'!#REF!)) -> #REF! | G80: =IF(ISBLANK('Detailed Budget'!#REF!),"",('Detailed Budget'!#REF!)) -> #REF! | H80: ='Detailed Budget'!#REF! -> #REF! | I80: ='Detailed Budget'!#REF! -> #REF!
A81: =IF(ISBLANK('Detailed Budget'!#REF!),"",('Detailed Budget'!#REF!)) -> #REF! | B81: =IF(ISBLANK('Detailed Budget'!#REF!),"",('Detailed Budget'!#REF!)) -> #REF! | C81: =IF(ISBLANK('Detailed Budget'!#REF!),"",('Detailed Budget'!#REF!)) -> #REF! | D81: =IF(ISBLANK('Detailed Budget'!#REF!),"",('Detailed Budget'!#REF!)) -> #REF! | E81: =IF(ISBLANK('Detailed Budget'!#REF!),"",('Detailed Budget'!#REF!)) -> #REF! | F81: =IF(ISBLANK('Detailed Budget'!#REF!),"",('Detailed Budget'!#REF!)) -> #REF! | G81: =IF(ISBLANK('Detailed Budget'!#REF!),"",('Detailed Budget'!#REF!)) -> #REF! | H81: ='Detailed Budget'!#REF! -> #REF! | I81: ='Detailed Budget'!#REF! -> #REF!
A82: =IF(ISBLANK('Detailed Budget'!#REF!),"",('Detailed Budget'!#REF!)) -> #REF! | B82: =IF(ISBLANK('Detailed Budget'!#REF!),"",('Detailed Budget'!#REF!)) -> #REF! | C82: =IF(ISBLANK('Detailed Budget'!#REF!),"",('Detailed Budget'!#REF!)) -> #REF! | D82: =IF(ISBLANK('Detailed Budget'!#REF!),"",('Detailed Budget'!#REF!)) -> #REF! | E82: =IF(ISBLANK('Detailed Budget'!#REF!),"",('Detailed Budget'!#REF!)) -> #REF! | F82: =IF(ISBLANK('Detailed Budget'!#REF!),"",('Detailed Budget'!#REF!)) -> #REF! | G82: =IF(ISBLANK('Detailed Budget'!#REF!),"",('Detailed Budget'!#REF!)) -> #REF! | H82: ='Detailed Budget'!#REF! -> #REF! | I82: ='Detailed Budget'!#REF! -> #REF!
A83: =IF(ISBLANK('Detailed Budget'!#REF!),"",('Detailed Budget'!#REF!)) -> #REF! | B83: =IF(ISBLANK('Detailed Budget'!#REF!),"",('Detailed Budget'!#REF!)) -> #REF! | C83: =IF(ISBLANK('Detailed Budget'!#REF!),"",('Detailed Budget'!#REF!)) -> #REF! | D83: =IF(ISBLANK('Detailed Budget'!#REF!),"",('Detailed Budget'!#REF!)) -> #REF! | E83: =IF(ISBLANK('Detailed Budget'!#REF!),"",('Detailed Budget'!#REF!)) -> #REF! | F83: =IF(ISBLANK('Detailed Budget'!#REF!),"",('Detailed Budget'!#REF!)) -> #REF! | G83: =IF(ISBLANK('Detailed Budget'!A65),"",('Detailed Budget'!A65)) -> Artist Fees | H83: ='Detailed Budget'!#REF! -> #REF! | I83: ='Detailed Budget'!#REF! -> #REF!
A84: =IF(ISBLANK('Detailed Budget'!#REF!),"",('Detailed Budget'!#REF!)) -> #REF! | B84: =IF(ISBLANK('Detailed Budget'!#REF!),"",('Detailed Budget'!#REF!)) -> #REF! | C84: =IF(ISBLANK('Detailed Budget'!#REF!),"",('Detailed Budget'!#REF!)) -> #REF! | D84: =IF(ISBLANK('Detailed Budget'!#REF!),"",('Detailed Budget'!#REF!)) -> #REF! | E84: =IF(ISBLANK('Detailed Budget'!#REF!),"",('Detailed Budget'!#REF!)) -> #REF! | F84: =IF(ISBLANK('Detailed Budget'!#REF!),"",('Detailed Budget'!#REF!)) -> #REF! | G84: =IF(ISBLANK('Detailed Budget'!#REF!),"",('Detailed Budget'!#REF!)) -> #REF! | H84: ='Detailed Budget'!#REF! -> #REF! | I84: ='Detailed Budget'!#REF! -> #REF!
A85: =IF(ISBLANK('Detailed Budget'!#REF!),"",('Detailed Budget'!#REF!)) -> #REF! | B85: =IF(ISBLANK('Detailed Budget'!#REF!),"",('Detailed Budget'!#REF!)) -> #REF! | C85: =IF(ISBLANK('Detailed Budget'!#REF!),"",('Detailed Budget'!#REF!)) -> #REF! | D85: =IF(ISBLANK('Detailed Budget'!#REF!),"",('Detailed Budget'!#REF!)) -> #REF! | E85: =IF(ISBLANK('Detailed Budget'!#REF!),"",('Detailed Budget'!#REF!)) -> #REF! | F85: =IF(ISBLANK('Detailed Budget'!#REF!),"",('Detailed Budget'!#REF!)) -> #REF! | G85: =IF(ISBLANK('Detailed Budget'!#REF!),"",('Detailed Budget'!#REF!)) -> #REF! | H85: ='Detailed Budget'!#REF! -> #REF! | I85: ='Detailed Budget'!#REF! -> #REF!
A86: =IF(ISBLANK('Detailed Budget'!#REF!),"",('Detailed Budget'!#REF!)) -> #REF! | B86: =IF(ISBLANK('Detailed Budget'!#REF!),"",('Detailed Budget'!#REF!)) -> #REF! | C86: =IF(ISBLANK('Detailed Budget'!#REF!),"",('Detailed Budget'!#REF!)) -> #REF! | D86: =IF(ISBLANK('Detailed Budget'!#REF!),"",('Detailed Budget'!#REF!)) -> #REF! | E86: =IF(ISBLANK('Detailed Budget'!#REF!),"",('Detailed Budget'!#REF!)) -> #REF! | F86: =IF(ISBLANK('Detailed Budget'!#REF!),"",('Detailed Budget'!#REF!)) -> #REF! | G86: =IF(ISBLANK('Detailed Budget'!A71),"",('Detailed Budget'!A71)) -> Total Wages and Fees | H86: ='Detailed Budget'!#REF! -> #REF! | I86: ='Detailed Budget'!#REF! -> #REF!
A87: =IF(ISBLANK('Detailed Budget'!#REF!),"",('Detailed Budget'!#REF!)) -> #REF! | B87: =IF(ISBLANK('Detailed Budget'!#REF!),"",('Detailed Budget'!#REF!)) -> #REF! | C87: =IF(ISBLANK('Detailed Budget'!#REF!),"",('Detailed Budget'!#REF!)) -> #REF! | D87: =IF(ISBLANK('Detailed Budget'!#REF!),"",('Detailed Budget'!#REF!)) -> #REF! | E87: =IF(ISBLANK('Detailed Budget'!#REF!),"",('Detailed Budget'!#REF!)) -> #REF! | F87: =IF(ISBLANK('Detailed Budget'!#REF!),"",('Detailed Budget'!#REF!)) -> #REF! | G87: =IF(ISBLANK('Detailed Budget'!A80),"",('Detailed Budget'!A80)) | H87: ='Detailed Budget'!#REF! -> #REF! | I87: ='Detailed Budget'!#REF! -> #REF!
A88: =IF(ISBLANK('Detailed Budget'!#REF!),"",('Detailed Budget'!#REF!)) -> #REF! | B88: =IF(ISBLANK('Detailed Budget'!#REF!),"",('Detailed Budget'!#REF!)) -> #REF! | C88: =IF(ISBLANK('Detailed Budget'!#REF!),"",('Detailed Budget'!#REF!)) -> #REF! | D88: =IF(ISBLANK('Detailed Budget'!#REF!),"",('Detailed Budget'!#REF!)) -> #REF! | E88: =IF(ISBLANK('Detailed Budget'!#REF!),"",('Detailed Budget'!#REF!)) -> #REF! | F88: =IF(ISBLANK('Detailed Budget'!#REF!),"",('Detailed Budget'!#REF!)) -> #REF! | G88: =IF(ISBLANK('Detailed Budget'!A81),"",('Detailed Budget'!A81)) -> Venue and Production Costs | H88: ='Detailed Budget'!#REF! -> #REF! | I88: ='Detailed Budget'!#REF! -> #REF!
A89: =IF(ISBLANK('Detailed Budget'!#REF!),"",('Detailed Budget'!#REF!)) -> #REF! | B89: =IF(ISBLANK('Detailed Budget'!#REF!),"",('Detailed Budget'!#REF!)) -> #REF! | C89: =IF(ISBLANK('Detailed Budget'!#REF!),"",('Detailed Budget'!#REF!)) -> #REF! | D89: =IF(ISBLANK('Detailed Budget'!#REF!),"",('Detailed Budget'!#REF!)) -> #REF! | E89: =IF(ISBLANK('Detailed Budget'!#REF!),"",('Detailed Budget'!#REF!)) -> #REF! | F89: =IF(ISBLANK('Detailed Budget'!#REF!),"",('Detailed Budget'!#REF!)) -> #REF! | G89: =IF(ISBLANK('Detailed Budget'!#REF!),"",('Detailed Budget'!#REF!)) -> #REF! | H89: ='Detailed Budget'!#REF! -> #REF! | I89: ='Detailed Budget'!#REF! -> #REF!
A90: =IF(ISBLANK('Detailed Budget'!#REF!),"",('Detailed Budget'!#REF!)) -> #REF! | B90: =IF(ISBLANK('Detailed Budget'!#REF!),"",('Detailed Budget'!#REF!)) -> #REF! | C90: =IF(ISBLANK('Detailed Budget'!#REF!),"",('Detailed Budget'!#REF!)) -> #REF! | D90: =IF(ISBLANK('Detailed Budget'!#REF!),"",('Detailed Budget'!#REF!)) -> #REF! | E90: =IF(ISBLANK('Detailed Budget'!#REF!),"",('Detailed Budget'!#REF!)) -> #REF! | F90: =IF(ISBLANK('Detailed Budget'!#REF!),"",('Detailed Budget'!#REF!)) -> #REF! | G90: =IF(ISBLANK('Detailed Budget'!#REF!),"",('Detailed Budget'!#REF!)) -> #REF! | H90: ='Detailed Budget'!#REF! -> #REF! | I90: ='Detailed Budget'!#REF! -> #REF!
A91: =IF(ISBLANK('Detailed Budget'!#REF!),"",('Detailed Budget'!#REF!)) -> #REF! | B91: =IF(ISBLANK('Detailed Budget'!#REF!),"",('Detailed Budget'!#REF!)) -> #REF! | C91: =IF(ISBLANK('Detailed Budget'!#REF!),"",('Detailed Budget'!#REF!)) -> #REF! | D91: =IF(ISBLANK('Detailed Budget'!#REF!),"",('Detailed Budget'!#REF!)) -> #REF! | E91: =IF(ISBLANK('Detailed Budget'!#REF!),"",('Detailed Budget'!#REF!)) -> #REF! | F91: =IF(ISBLANK('Detailed Budget'!#REF!),"",('Detailed Budget'!#REF!)) -> #REF! | G91: =IF(ISBLANK('Detailed Budget'!#REF!),"",('Detailed Budget'!#REF!)) -> #REF! | H91: ='Detailed Budget'!#REF! -> #REF! | I91: ='Detailed Budget'!#REF! -> #REF!
A92: =IF(ISBLANK('Detailed Budget'!#REF!),"",('Detailed Budget'!#REF!)) -> #REF! | B92: =IF(ISBLANK('Detailed Budget'!#REF!),"",('Detailed Budget'!#REF!)) -> #REF! | C92: =IF(ISBLANK('Detailed Budget'!#REF!),"",('Detailed Budget'!#REF!)) -> #REF! | D92: =IF(ISBLANK('Detailed Budget'!#REF!),"",('Detailed Budget'!#REF!)) -> #REF! | E92: =IF(ISBLANK('Detailed Budget'!#REF!),"",('Detailed Budget'!#REF!)) -> #REF! | F92: =IF(ISBLANK('Detailed Budget'!#REF!),"",('Detailed Budget'!#REF!)) -> #REF! | G92: =IF(ISBLANK('Detailed Budget'!#REF!),"",('Detailed Budget'!#REF!)) -> #REF! | H92: ='Detailed Budget'!#REF! -> #REF! | I92: ='Detailed Budget'!#REF! -> #REF!
A93: =IF(ISBLANK('Detailed Budget'!#REF!),"",('Detailed Budget'!#REF!)) -> #REF! | B93: =IF(ISBLANK('Detailed Budget'!#REF!),"",('Detailed Budget'!#REF!)) -> #REF! | C93: =IF(ISBLANK('Detailed Budget'!#REF!),"",('Detailed Budget'!#REF!)) -> #REF! | D93: =IF(ISBLANK('Detailed Budget'!#REF!),"",('Detailed Budget'!#REF!)) -> #REF! | E93: =IF(ISBLANK('Detailed Budget'!#REF!),"",('Detailed Budget'!#REF!)) -> #REF! | F93: =IF(ISBLANK('Detailed Budget'!#REF!),"",('Detailed Budget'!#REF!)) -> #REF! | G93: =IF(ISBLANK('Detailed Budget'!#REF!),"",('Detailed Budget'!#REF!)) -> #REF! | H93: ='Detailed Budget'!#REF! -> #REF! | I93: ='Detailed Budget'!#REF! -> #REF!
A94: =IF(ISBLANK('Detailed Budget'!#REF!),"",('Detailed Budget'!#REF!)) -> #REF! | B94: =IF(ISBLANK('Detailed Budget'!#REF!),"",('Detailed Budget'!#REF!)) -> #REF! | C94: =IF(ISBLANK('Detailed Budget'!#REF!),"",('Detailed Budget'!#REF!)) -> #REF! | D94: =IF(ISBLANK('Detailed Budget'!#REF!),"",('Detailed Budget'!#REF!)) -> #REF! | E94: =IF(ISBLANK('Detailed Budget'!#REF!),"",('Detailed Budget'!#REF!)) -> #REF! | F94: =IF(ISBLANK('Detailed Budget'!#REF!),"",('Detailed Budget'!#REF!)) -> #REF! | G94: =IF(ISBLANK('Detailed Budget'!A88),"",('Detailed Budget'!A88)) -> On-costs (super and workers comp as applicable) | H94: ='Detailed Budget'!#REF! -> #REF! | I94: ='Detailed Budget'!#REF! -> #REF!
A95: =IF(ISBLANK('Detailed Budget'!#REF!),"",('Detailed Budget'!#REF!)) -> #REF! | B95: =IF(ISBLANK('Detailed Budget'!#REF!),"",('Detailed Budget'!#REF!)) -> #REF! | C95: =IF(ISBLANK('Detailed Budget'!#REF!),"",('Detailed Budget'!#REF!)) -> #REF! | D95: =IF(ISBLANK('Detailed Budget'!#REF!),"",('Detailed Budget'!#REF!)) -> #REF! | E95: =IF(ISBLANK('Detailed Budget'!#REF!),"",('Detailed Budget'!#REF!)) -> #REF! | F95: =IF(ISBLANK('Detailed Budget'!#REF!),"",('Detailed Budget'!#REF!)) -> #REF! | G95: =IF(ISBLANK('Detailed Budget'!A89),"",('Detailed Budget'!A89)) -> Total Venue and Production Costs | H95: ='Detailed Budget'!#REF! -> #REF! | I95: ='Detailed Budget'!#REF! -> #REF!
A96: =IF(ISBLANK('Detailed Budget'!#REF!),"",('Detailed Budget'!#REF!)) -> #REF! | B96: =IF(ISBLANK('Detailed Budget'!#REF!),"",('Detailed Budget'!#REF!)) -> #REF! | C96: =IF(ISBLANK('Detailed Budget'!#REF!),"",('Detailed Budget'!#REF!)) -> #REF! | D96: =IF(ISBLANK('Detailed Budget'!#REF!),"",('Detailed Budget'!#REF!)) -> #REF! | E96: =IF(ISBLANK('Detailed Budget'!#REF!),"",('Detailed Budget'!#REF!)) -> #REF! | F96: =IF(ISBLANK('Detailed Budget'!#REF!),"",('Detailed Budget'!#REF!)) -> #REF! | G96: =IF(ISBLANK('Detailed Budget'!#REF!),"",('Detailed Budget'!#REF!)) -> #REF! | H96: ='Detailed Budget'!#REF! -> #REF! | I96: ='Detailed Budget'!#REF! -> #REF!
A97: =IF(ISBLANK('Detailed Budget'!#REF!),"",('Detailed Budget'!#REF!)) -> #REF! | B97: =IF(ISBLANK('Detailed Budget'!#REF!),"",('Detailed Budget'!#REF!)) -> #REF! | C97: =IF(ISBLANK('Detailed Budget'!#REF!),"",('Detailed Budget'!#REF!)) -> #REF! | D97: =IF(ISBLANK('Detailed Budget'!#REF!),"",('Detailed Budget'!#REF!)) -> #REF! | E97: =IF(ISBLANK('Detailed Budget'!#REF!),"",('Detailed Budget'!#REF!)) -> #REF! | F97: =IF(ISBLANK('Detailed Budget'!#REF!),"",('Detailed Budget'!#REF!)) -> #REF! | G97: =IF(ISBLANK('Detailed Budget'!#REF!),"",('Detailed Budget'!#REF!)) -> #REF! | H97: ='Detailed Budget'!#REF! -> #REF! | I97: ='Detailed Budget'!#REF! -> #REF!
A98: =IF(ISBLANK('Detailed Budget'!#REF!),"",('Detailed Budget'!#REF!)) -> #REF! | B98: =IF(ISBLANK('Detailed Budget'!#REF!),"",('Detailed Budget'!#REF!)) -> #REF! | C98: =IF(ISBLANK('Detailed Budget'!#REF!),"",('Detailed Budget'!#REF!)) -> #REF! | D98: =IF(ISBLANK('Detailed Budget'!#REF!),"",('Detailed Budget'!#REF!)) -> #REF! | E98: =IF(ISBLANK('Detailed Budget'!#REF!),"",('Detailed Budget'!#REF!)) -> #REF! | F98: =IF(ISBLANK('Detailed Budget'!#REF!),"",('Detailed Budget'!#REF!)) -> #REF! | G98: =IF(ISBLANK('Detailed Budget'!#REF!),"",('Detailed Budget'!#REF!)) -> #REF! | H98: ='Detailed Budget'!#REF! -> #REF! | I98: ='Detailed Budget'!#REF! -> #REF!
A99: =IF(ISBLANK('Detailed Budget'!#REF!),"",('Detailed Budget'!#REF!)) -> #REF! | B99: =IF(ISBLANK('Detailed Budget'!#REF!),"",('Detailed Budget'!#REF!)) -> #REF! | C99: =IF(ISBLANK('Detailed Budget'!#REF!),"",('Detailed Budget'!#REF!)) -> #REF! | D99: =IF(ISBLANK('Detailed Budget'!#REF!),"",('Detailed Budget'!#REF!)) -> #REF! | E99: =IF(ISBLANK('Detailed Budget'!#REF!),"",('Detailed Budget'!#REF!)) -> #REF! | F99: =IF(ISBLANK('Detailed Budget'!#REF!),"",('Detailed Budget'!#REF!)) -> #REF! | G99: =IF(ISBLANK('Detailed Budget'!#REF!),"",('Detailed Budget'!#REF!)) -> #REF! | H99: ='Detailed Budget'!#REF! -> #REF! | I99: ='Detailed Budget'!#REF! -> #REF!
A100: =IF(ISBLANK('Detailed Budget'!#REF!),"",('Detailed Budget'!#REF!)) -> #REF! | B100: =IF(ISBLANK('Detailed Budget'!#REF!),"",('Detailed Budget'!#REF!)) -> #REF! | C100: =IF(ISBLANK('Detailed Budget'!#REF!),"",('Detailed Budget'!#REF!)) -> #REF! | D100: =IF(ISBLANK('Detailed Budget'!#REF!),"",('Detailed Budget'!#REF!)) -> #REF! | E100: =IF(ISBLANK('Detailed Budget'!#REF!),"",('Detailed Budget'!#REF!)) -> #REF! | F100: =IF(ISBLANK('Detailed Budget'!#REF!),"",('Detailed Budget'!#REF!)) -> #REF! | G100: =IF(ISBLANK('Detailed Budget'!#REF!),"",('Detailed Budget'!#REF!)) -> #REF! | H100: ='Detailed Budget'!#REF! -> #REF! | I100: ='Detailed Budget'!#REF! -> #REF!
...

Sheet Detailed Budget
A1: < Enter your name here>
A2: < Enter your ABN (if relevant) here>
A4: INCOME / EXPENDITURE | D4: Please provide as much information as you can to support how you have developed your budget.
A5: Income | C5: Additional Information
C6: Is this income confirmed? | D6: Please provide explanation on how you will manage the project/program if this income is not received
A7: Create NSW (this application)
A8: Create NSW Regional Arts Touring (this application)
A9: Total Amount requested - Create NSW (this application) | B9: =SUBTOTAL(9,B8:B8) -> 0
A11: Other NSW Government funding
A12: Other NSW Government funding | D12: e.g. CASP, Creative Capital, Dept of Health
A13: Other NSW Government funding | D13: e.g other NSW departments
A14: <Add new row ABOVE here>
A15: Total other NSW Government funding | B15: =SUBTOTAL(9,B12:B13) -> 0
A17: Other non-NSW Government funding
A18: Other Commonwealth Departments | D18: e.g. Playing Australia
A19: Other State and/or Territory Agencies
A20: Other Overseas Agencies
A21: Local Government
A22: <Add new row ABOVE here>
A23: Total other non-NSW Government funding | B23: =SUBTOTAL(9,B18:B21) -> 0
A25: Earned Income | D25: Please include any income you will earn from this project
A26: Income From Ticket Sales/Entrance fees | D26: Income from selling tickets to a show. Please include how this value has been calculated
A27: Product/ Merchandise Sales | D27: income from selling products or merchandise. Please include how this value has been calculated
A28: Services | D28: Income from providing services. Please provide how this value has been calculated and the market receiving the service
A29: Workshop Fees | D29: Income from running workshops or courses
A30: Royalities/ licensing fees | D30: Income from royalties or licensing fees. Please provide details of the arrangement and artists involved
A31: Contracted Performance/Speaker/Exhibition Fees | D31: Income from the presentation of your project. For example a venue may pay you fee for you to present performances/ exhibition
A32: <Add new row ABOVE here>
A33: Total Project Revenue | B33: =SUBTOTAL(9,B26:B32) -> 0
A36: Donations and Sponsorship | D36: Please include any income from partnerships or sponsorship in cash
A37: Creative Industry Partnership Contribution | D37: Contibution from a Creative Industries Partner
A38: Cash Sponsorship | D38: Cash Income from a sponsor. Please include details of this arrangement. For non-cash sponsorship please include this as In-Kind
A39: Donations
A40: Other Partnerships | D40: Income received from any third-party partnerships.
A41: <Add new row ABOVE here>
A42: Total Partnership Contribution and Sponsorship | B42: =SUBTOTAL(9,B37:B41) -> 0
A45: In-Kind | D45: Include any in-kind support including venue, materials and equipment. It should not include artist/arts workers fees. This must be equal to the In-Kind indicated in the expenses.
A46: <Enter Details>
A47: <Enter Details>
A48: <Enter Details>
A49: <Add new row ABOVE here>
A50: Total In-Kind | B50: =SUBTOTAL(9,B46:B49) -> 0
A52: All Other income | D52: Include any other income for your project/program. This could include your own cash contribution
A53: <Enter Details>
A54: <Enter Details>
A55: <Add new row ABOVE here>
A56: Total all other income | B56: =SUBTOTAL(9,B53:B55) -> 0
A59: Total Income | B59: =SUBTOTAL(9,B7:B58) -> 0
A62: Expense/Costs | C62: Input allocation of Create NSW funding | D62: Additional information
D63: Please include any significant estimates/assumptions you have made in calculating the expenditure budget. Use the calculations tab to show how large/ complex amounts have been calculated.
A64: Wages and Fees | D64: Include all creatives wages and fees here. This includes directors, designers, actors, curators, artists and arts workers
A65: Artist Fees | D65: Fees for artists contracted working on the project
A66: Arts Worker Contractor Fees | D66: Fees for arts workers contracted working on the project
A67: Artist/ Arts Worker Salary | D67: Employee artists/ artsworker wages
A68: <Enter Details>
A69: <Add new row ABOVE here>
A70: On-costs (super and workers comp as applicable)
A71: Total Wages and Fees | B71: =SUBTOTAL(9,B65:B70) -> 0 | C71: =SUBTOTAL(9,C65:C70) -> 0
A73: Travel and Accommodation | D73: Include travel, accomodation, per diems, travel insurance and other allowances for personnel involved in the project.
A74: Accommodation
A75: Airfares
A76: Other transport costs
A77: Travel Allowances
A78: <Add new row ABOVE here>
A79: Total Travel and Accommodation Costs | B79: =SUBTOTAL(9,B74:B78) -> 0 | C79: =SUBTOTAL(9,C74:C78) -> 0
A81: Venue and Production Costs | D81: Include costs directly related to your project such as venue hire, administration, equipment, lighting hire and insurance.
A82: Administration | D82: project administration expenses
A83: Equipment | D83: Equipment directly involved in the project
A84: Venue Costs
A85: Set / Props / Costumes Modifications for touring
A86: Exhibition Installation
A87: <Add new row ABOVE here>
A88: On-costs (super and workers comp as applicable)
A89: Total Venue and Production Costs | B89: =SUBTOTAL(9,B82:B88) -> 0 | C89: =SUBTOTAL(9,C82:C88) -> 0
A92: Promotion and Marketing | D92: Please include promotion and marketing costs directly relating to the project
A93: Promotion
A94: Publications
A95: Digital Marketing
A96: Community Engagement and Audience development costs
A97: <Add new row ABOVE here>
A98: Total Promotion and Marketing | B98: =SUBTOTAL(9,B93:B97) -> 0 | C98: =SUBTOTAL(9,C93:C97) -> 0
A101: Aboriginal Arts & Cultural Protocols | D101: Include costs associated with acknowledging and including First Nations peoples in your project/program
A102: Welcome to Country | D102: e.g. Fee for Elders or performers
A103: Cultural Advisor/s Fee
A104: Community consultation expenses | D104: e.g. fees for consulting First Nations people on this project/program
A105: Developing Indigenous Cultural Intellectual Property (ICIP) Protocols
A106: <Enter Details>
A107: <Add new row ABOVE here>
A108: Total Aboriginal Arts & Cultural Protocols | B108: =SUBTOTAL(9,B102:B107) -> 0 | C108: =SUBTOTAL(9,C102:C107) -> 0
A111: Accessibility Expenses | D111: Include costs associated with providing accessibility for your team, participants and audiences
A112: Auslan Interpreters
A113: Captioning
A114: Audio Description
A115: Support workers
A116: Access Consultant
A117: <Add new row ABOVE here>
A118: Total Accessibility Expenses | B118: =SUBTOTAL(9,B112:B117) -> 0 | C118: =SUBTOTAL(9,C112:C117) -> 0
A120: Freight and Transport Expenses | D120: Include freighting and transport costs of artwork/goods for regional, interstate and international activity.
A121: Distribution expenses
A122: Artwork transport
...

Sheet Calculations
A1: Use this tab to show how large/complex amounts have been calculated. Please ensure the total amounts are manually entered into the relevant line in the detailed budget and the calculation referenced in the comments.
A4: Travel Allowances | D4: Calculation
D5: Rate | E5: # People | F5: # days
A6: Living Away from Home allowance | C6: =D6*E6*F6 -> 0 | D6: 0
C7: =D7*E7*F7 -> 0 | D7: 0
C8: =D8*E8*F8 -> 0 | D8: 0
A9: Per Diems / Meal Allowances | C9: =D9*E9*F9 -> 0 | D9: 0
C10: =D10*E10*F10 -> 0 | D10: 0
C11: =D11*E11*F11 -> 0 | D11: 0
C12: =D12*E12*F12 -> 0 | D12: 0
A13: Other Allowances | C13: =D13*E13*F13 -> 0 | D13: 0
C14: =D14*E14*F14 -> 0 | D14: 0
C15: =D15*E15*F15 -> 0 | D15: 0
C16: =D16*E16*F16 -> 0 | D16: 0
A17: <Add new row ABOVE here>
A18: Total Travel Allowances | C18: =SUBTOTAL(9,C6:C17) -> 0
A20: Accommodation | D20: Calculation
D21: Rate | E21: # People | F21: # Nights
C22: =D22*E22*F22 -> 0 | D22: 0
C23: =D23*E23*F23 -> 0 | D23: 0
C24: =D24*E24*F24 -> 0 | D24: 0
A25: <Add new row ABOVE here>
A26: Total Accommodation | C26: =SUBTOTAL(9,C21:C25) -> 0
A28: Airfares | D28: Calculation
D29: Fare rate | E29: # People
C30: =D30*E30 -> 0 | D30: 0
C31: =D31*E31 -> 0 | D31: 0
C32: =D32*E32 -> 0 | D32: 0
A33: <Add new row ABOVE here>
A34: Total Airfares | C34: =SUBTOTAL(9,C30:C33) -> 0
A36: Freight and Transport expenses | D36: Comments / additional information
A40: <Add new row ABOVE here>
A41: Total Freight and Transport expenses | C41: =SUBTOTAL(9,C37:C40) -> 0
A43: Other transport costs | D43: Comments / additional information
A44: Car Hire
A45: Taxis/Ride Share etc
A46: <Add new row ABOVE here>
A47: Total Other transport costs | C47: =SUBTOTAL(9,C44:C46) -> 0
A49: Artist Fees | D49: Calculation
D50: rate | E50: # hours | F50: Industry rate used
C51: =D51*E51 -> 0 | D51: 0
C52: =D52*E52 -> 0 | D52: 0
C53: =D53*E53 -> 0 | D53: 0
C54: =D54*E54 -> 0 | D54: 0
C55: =D55*E55 -> 0 | D55: 0
A56: <Add new row ABOVE here>
A57: Total Artist Fees | C57: =SUBTOTAL(9,C51:C56) -> 0
A59: insert new heading | D59: Calculation
D60: x | E60: # y | F60: z
C61: =D61*E61 -> 0 | D61: 0
C62: =D62*E62 -> 0 | D62: 0
C63: =D63*E63 -> 0 | D63: 0
C64: =D64*E64 -> 0 | D64: 0
C65: =D65*E65 -> 0 | D65: 0
A66: <Add new row ABOVE here>
A67: Total | C67: =SUBTOTAL(9,C61:C66) -> 0

Sheet Summary for SmartyGrant 
A1: SmartyGrants input form
A2: This sheet will auto fill from your detailed budget so you have the numbers to transfer into your SmartyGrants application.
A4: Total amount requested - Create NSW (this application) | B4: ='Detailed Budget'!B9 -> 0
A6: INCOME
A7: Other NSW Government funding | B7: ='Detailed Budget'!B15 -> 0
A8: Other non-NSW Government funding | B8: ='Detailed Budget'!B23 -> 0
A9: Earned Income | B9: ='Detailed Budget'!B33 -> 0
A10: Donations and Sponsorship | B10: ='Detailed Budget'!B42 -> 0
A11: In-Kind | B11: ='Detailed Budget'!B50 -> 0
A12: All Other income | B12: ='Detailed Budget'!B56 -> 0
A13: TOTAL INCOME | B13: =SUM(B4:B12) -> 0
A15: EXPENDITURE
A16: Wages and Fees | B16: ='Detailed Budget'!B71 -> 0
A17: Travel and Accommodation | B17: ='Detailed Budget'!B79 -> 0
A18: Venue and Production Costs | B18: ='Detailed Budget'!B89 -> 0
A19: Promotion and Marketing | B19: ='Detailed Budget'!B98 -> 0
A20: Aboriginal Arts & Cultural Protocols | B20: ='Detailed Budget'!B108 -> 0
A21: Accessibility Expenses | B21: ='Detailed Budget'!B118 -> 0
A22: Freight and Transport Expenses | B22: ='Detailed Budget'!B124 -> 0
A23: In-kind Expenses | B23: ='Detailed Budget'!B131 -> 0
A24: All other Expenses | B24: ='Detailed Budget'!B137 -> 0
A25: TOTAL EXPENDITURE | B25: =SUM(B16:B24) -> 0
A27: NET RESULT | B27: =B13-B25 -> 0

Sheet Dropdown list values
B2: Audited
B3: Management
B5: Confirmed
B6: Not Confirmed
